General information
- name: BNet
- type: Ladder team game (AT/RT)
- host: Battle.net
- saver: nutinyomouf.de
map: Friends
- players: 8
- length: 125:26
- speed: Fast
- version: 1.21 W3XP
- replay type: Public
» download(770 KB)
Players
team 1 (winner)
13linn (
yellow | 69 APM | 8676 actions | 125:23)
10 Tauren Chieftain
3 Shockwave
3 Endurance Aura
1 Reincarnation
3 War Stomp
10 Pandaren Brewmaster
3 Breath of Fire
3 Drunken Haze
1 Storm Earth and Fire
3 Drunken Brawler
» actions
| Assign group hotkey | 114 | |
| Basic commands | 15 | |
| Build / train | 131 | |
| Enter build submenu | 97 | |
| Enter hero's abilities submenu | 22 | |
| Give item / drop item | 19 | |
| Remove unit from queue | 51 | |
| Right click | 4790 | |
| Select / deselect | 1122 | |
| Select group hotkey | 1720 | |
| Use ability | 594 | |
8676 total
» units
» upgrades
| Spiked Barricades | 3 | |
| Liquid Fire | 1 | |
| Ranged Weapons | 3 | |
| Reinforced Defenses | 1 | |
| Armor | 3 | |
11 total
» buildings
| Altar of Storms | 2 | |
| Orc Burrow | 11 | |
| War Mill | 3 | |
| Watch Tower | 83 | |
| Voodoo Lounge | 3 | |
| Stronghold | 3 | |
| Fortress | 4 | |
| Beastiary | 8 | |
| Great Hall | 3 | |
120 total
» build order
00:03 Altar of Storms
00:21 Orc Burrow
00:56 War Mill
01:35 Orc Burrow
02:11 Watch Tower
02:34 Watch Tower
02:46 Voodoo Lounge
02:59 Watch Tower
03:22 Watch Tower
03:58 Orc Burrow
04:05 Stronghold
04:05 Stronghold
04:05 Stronghold
04:36 Watch Tower
04:41 Watch Tower
05:00 Watch Tower
05:05 Watch Tower
05:07 Watch Tower
06:04 Watch Tower
06:04 Watch Tower
06:15 Orc Burrow
06:27 Fortress
06:27 Fortress
06:27 Fortress
06:30 Beastiary
06:50 Beastiary
07:52 War Mill
07:59 Watch Tower
08:06 Watch Tower
08:08 Watch Tower
08:54 Watch Tower
08:54 Watch Tower
09:40 Watch Tower
09:42 Watch Tower
11:24 Watch Tower
11:26 Watch Tower
11:27 Watch Tower
11:27 Watch Tower
13:27 Watch Tower
13:29 Watch Tower
13:30 Watch Tower
13:31 Watch Tower
13:32 Watch Tower
13:33 Watch Tower
13:34 Watch Tower
13:34 Watch Tower
13:36 Watch Tower
13:37 Watch Tower
13:38 Watch Tower
14:31 Watch Tower
14:32 Watch Tower
14:33 Watch Tower
14:34 Watch Tower
14:35 Watch Tower
14:52 Orc Burrow
16:54 Great Hall
17:00 Orc Burrow
17:01 Orc Burrow
17:36 Voodoo Lounge
17:40 Voodoo Lounge
19:21 Watch Tower
19:32 Beastiary
19:52 Watch Tower
19:55 Watch Tower
19:56 Watch Tower
20:31 Watch Tower
20:32 Watch Tower
21:44 Orc Burrow
22:36 Beastiary
22:38 Beastiary
22:40 Beastiary
22:58 Watch Tower
22:59 Watch Tower
23:00 Watch Tower
23:01 Watch Tower
24:16 Watch Tower
24:18 Watch Tower
26:29 Beastiary
26:31 Beastiary
27:03 Watch Tower
27:04 Watch Tower
27:05 Watch Tower
27:06 Watch Tower
27:36 Watch Tower
28:42 Watch Tower
28:42 Watch Tower
29:03 Watch Tower
30:01 Watch Tower
30:02 Watch Tower
30:04 Watch Tower
30:05 Watch Tower
30:06 Watch Tower
30:06 Watch Tower
30:07 Watch Tower
30:59 Watch Tower
32:31 Watch Tower
47:54 Great Hall
47:59 Watch Tower
47:59 Watch Tower
48:00 Watch Tower
48:01 Watch Tower
48:01 Watch Tower
48:02 Watch Tower
48:02 Watch Tower
48:03 Watch Tower
52:23 War Mill
74:54 Watch Tower
74:54 Watch Tower
74:55 Watch Tower
74:56 Watch Tower
74:57 Watch Tower
74:57 Watch Tower
74:58 Watch Tower
76:15 Watch Tower
117:48 Great Hall
117:53 Altar of Storms
117:59 Orc Burrow
118:03 Orc Burrow
118:06 Orc Burrow
» items
| Healing Salve | 1 | |
| Orb of Lightning | 2 | |
| Sobi Mask | 2 | |
| Belt of Giant Strength +6 | 4 | |
| Scroll of Speed | 1 | |
| Scroll of Town Portal | 4 | |
| Inferno Stone | 4 | |
18 total
KingOfTowers (
blue | 71 APM | 8956 actions | 125:23)
8 Keeper of the Grove
3 Entangling Roots
3 Force of Nature
1 Tranquility
1 Thorns Aura
» actions
| Assign group hotkey | 1366 | |
| Basic commands | 72 | |
| Build / train | 799 | |
| ESC pressed | 5 | |
| Enter build submenu | 55 | |
| Enter hero's abilities submenu | 9 | |
| Give item / drop item | 13 | |
| Remove unit from queue | 1 | |
| Right click | 4217 | |
| Select / deselect | 1623 | |
| Select group hotkey | 438 | |
| Use ability | 356 | |
8956 total
» units
| Wisp | 221 | |
| Goblin Zeppelin | 541 | |
| Goblin Shredder | 2 | |
764 total
» upgrades
| Nature's Blessing | 1 | |
| Well Spring | 1 | |
| Ultravision | 1 | |
3 total
» buildings
| Altar of Elders | 1 | |
| Moon Well | 21 | |
| Hunter's Hall | 1 | |
| Tree of Ages | 2 | |
| Tree of Life | 3 | |
| Ancient Protector | 9 | |
| Tree of Eternity | 2 | |
| Ancient of War | 18 | |
57 total
» build order
00:06 Altar of Elders
00:17 Moon Well
00:45 Moon Well
03:02 Moon Well
03:03 Moon Well
04:18 Moon Well
04:54 Hunter's Hall
04:56 Tree of Ages
04:56 Tree of Ages
05:00 Tree of Life
05:18 Tree of Life
06:21 Moon Well
06:23 Moon Well
06:51 Moon Well
06:52 Moon Well
08:24 Ancient Protector
08:25 Ancient Protector
08:26 Ancient Protector
08:28 Ancient Protector
08:28 Ancient Protector
08:34 Ancient Protector
09:08 Ancient Protector
12:59 Tree of Eternity
14:45 Ancient of War
14:46 Ancient of War
14:48 Ancient of War
14:49 Ancient of War
15:07 Ancient of War
15:08 Ancient of War
15:49 Ancient of War
15:50 Ancient of War
15:51 Ancient of War
27:20 Ancient of War
27:21 Ancient of War
27:22 Ancient of War
27:23 Ancient of War
27:24 Ancient of War
27:25 Ancient of War
27:26 Ancient of War
27:35 Ancient of War
27:36 Ancient of War
29:55 Moon Well
29:56 Moon Well
29:57 Moon Well
29:57 Moon Well
29:58 Moon Well
29:59 Moon Well
31:01 Moon Well
31:03 Moon Well
31:04 Moon Well
31:05 Moon Well
31:07 Moon Well
31:07 Moon Well
67:58 Tree of Life
102:50 Ancient Protector
103:06 Ancient Protector
» items
| Inferno Stone | 1 | |
| Mana Stone | 1 | |
| Scroll of Town Portal | 5 | |
| Sobi Mask | 2 | |
| Robe of the Magi +6 | 1 | |
| Belt of Giant Strength +6 | 2 | |
| Health Stone | 1 | |
13 total
NeedsTowers (
red | 70 APM | 8742 actions | 125:23)
5 Archmage
3 Blizzard
2 Brilliance Aura
5 Blood Mage
3 Flame Strike
2 Siphon Mana
4 Dark Ranger
2 Silence
2 Life Drain
» actions
| Assign group hotkey | 17 | |
| Basic commands | 153 | |
| Build / train | 461 | |
| ESC pressed | 6 | |
| Enter build submenu | 460 | |
| Enter hero's abilities submenu | 14 | |
| Give item / drop item | 1 | |
| Remove unit from queue | 1 | |
| Right click | 1798 | |
| Select / deselect | 1703 | |
| Select group hotkey | 1607 | |
| Use ability | 2521 | |
8742 total
» units
| Peasant | 27 | |
| Mortar Team | 1 | |
| Sorceress | 1 | |
29 total
» upgrades
| Masonry | 3 | |
| Flare | 1 | |
| Magic Sentry | 1 | |
| Sorceress Training | 1 | |
6 total
» buildings
| Altar of Kings | 1 | |
| Farm | 5 | |
| Lumber Mill | 1 | |
| Scout Tower | 2369 | |
| Guard Tower | 350 | |
| Keep | 1 | |
| Blacksmith | 1 | |
| Castle | 1 | |
| Workshop | 1 | |
| Town Hall | 2 | |
| Arcane Vault | 4 | |
| Cannon Tower | 9 | |
| Arcane Sanctum | 1 | |
| Arcane Tower | 15 | |
2761 total
» build order
00:02 Altar of Kings
00:03 Farm
00:25 Lumber Mill
00:42 Scout Tower
01:07 Scout Tower
01:21 Scout Tower
01:27 Guard Tower
01:43 Scout Tower
01:58 Scout Tower
02:04 Farm
02:06 Guard Tower
02:11 Guard Tower
02:16 Scout Tower
02:29 Guard Tower
02:35 Scout Tower
02:46 Guard Tower
02:48 Scout Tower
03:18 Guard Tower
03:20 Scout Tower
03:43 Scout Tower
03:43 Scout Tower
03:45 Guard Tower
03:46 Keep
04:19 Guard Tower
04:22 Farm
04:30 Guard Tower
04:38 Scout Tower
04:40 Guard Tower
05:06 Scout Tower
05:07 Scout Tower
05:10 Farm
05:13 Scout Tower
05:14 Guard Tower
06:01 Guard Tower
06:04 Blacksmith
06:12 Scout Tower
06:13 Guard Tower
06:20 Scout Tower
06:21 Castle
06:40 Guard Tower
06:42 Scout Tower
06:51 Scout Tower
06:52 Scout Tower
06:53 Scout Tower
06:54 Scout Tower
06:59 Scout Tower
07:00 Scout Tower
07:01 Scout Tower
07:06 Guard Tower
07:12 Guard Tower
07:28 Scout Tower
07:47 Guard Tower
07:57 Guard Tower
08:00 Scout Tower
08:03 Guard Tower
08:31 Guard Tower
08:45 Guard Tower
08:52 Guard Tower
09:55 Farm
10:12 Scout Tower
10:13 Scout Tower
10:14 Scout Tower
10:24 Workshop
10:59 Scout Tower
10:59 Scout Tower
11:28 Guard Tower
11:39 Scout Tower
11:43 Guard Tower
12:33 Scout Tower
12:35 Scout Tower
12:45 Scout Tower
12:47 Scout Tower
12:49 Scout Tower
12:54 Guard Tower
13:07 Guard Tower
13:10 Town Hall
13:12 Scout Tower
13:23 Guard Tower
13:24 Scout Tower
13:27 Scout Tower
13:29 Guard Tower
13:30 Scout Tower
13:41 Scout Tower
13:42 Guard Tower
13:53 Guard Tower
13:56 Guard Tower
14:01 Scout Tower
14:03 Guard Tower
14:18 Guard Tower
14:19 Scout Tower
14:30 Arcane Vault
14:33 Guard Tower
14:35 Scout Tower
14:49 Scout Tower
14:50 Scout Tower
14:51 Scout Tower
14:52 Scout Tower
14:53 Scout Tower
15:00 Guard Tower
15:17 Guard Tower
15:19 Scout Tower
15:30 Guard Tower
15:34 Scout Tower
15:35 Scout Tower
15:39 Scout Tower
15:41 Scout Tower
15:42 Scout Tower
15:42 Scout Tower
15:43 Scout Tower
15:54 Guard Tower
15:56 Scout Tower
15:57 Scout Tower
16:09 Cannon Tower
16:11 Cannon Tower
16:13 Cannon Tower
16:16 Guard Tower
16:24 Guard Tower
16:49 Guard Tower
16:52 Scout Tower
16:53 Scout Tower
16:53 Scout Tower
16:57 Guard Tower
17:11 Guard Tower
17:14 Guard Tower
17:17 Scout Tower
17:40 Guard Tower
17:52 Scout Tower
17:54 Guard Tower
18:09 Guard Tower
18:11 Scout Tower
18:14 Cannon Tower
18:19 Cannon Tower
18:20 Cannon Tower
18:22 Scout Tower
18:23 Scout Tower
18:33 Scout Tower
18:35 Scout Tower
18:37 Scout Tower
18:38 Scout Tower
18:47 Guard Tower
18:48 Scout Tower
18:49 Scout Tower
19:09 Guard Tower
19:13 Arcane Vault
19:19 Scout Tower
19:21 Guard Tower
19:38 Scout Tower
19:38 Scout Tower
19:39 Scout Tower
19:40 Scout Tower
19:44 Guard Tower
19:47 Scout Tower
19:48 Scout Tower
19:48 Scout Tower
19:49 Scout Tower
19:51 Guard Tower
19:55 Scout Tower
19:56 Scout Tower
19:57 Scout Tower
20:20 Scout Tower
20:21 Scout Tower
20:22 Guard Tower
20:49 Guard Tower
21:02 Guard Tower
21:19 Guard Tower
21:21 Scout Tower
21:30 Guard Tower
21:35 Scout Tower
21:38 Scout Tower
21:44 Guard Tower
21:46 Scout Tower
22:25 Scout Tower
22:27 Scout Tower
22:28 Guard Tower
22:30 Scout Tower
22:31 Scout Tower
23:25 Guard Tower
23:26 Scout Tower
23:27 Scout Tower
23:28 Scout Tower
23:29 Scout Tower
23:33 Scout Tower
23:45 Town Hall
23:53 Arcane Vault
23:55 Guard Tower
23:58 Guard Tower
24:02 Scout Tower
24:04 Scout Tower
24:06 Scout Tower
24:07 Scout Tower
24:10 Guard Tower
24:12 Scout Tower
24:14 Scout Tower
24:15 Scout Tower
24:15 Scout Tower
24:39 Guard Tower
24:46 Guard Tower
25:02 Scout Tower
25:03 Scout Tower
25:03 Scout Tower
25:04 Scout Tower
25:05 Scout Tower
25:07 Scout Tower
25:08 Scout Tower
25:08 Scout Tower
25:09 Scout Tower
25:42 Guard Tower
25:44 Guard Tower
25:45 Guard Tower
25:53 Guard Tower
25:56 Guard Tower
25:58 Scout Tower
26:00 Scout Tower
26:01 Scout Tower
26:05 Guard Tower
26:08 Scout Tower
26:09 Scout Tower
26:10 Scout Tower
26:11 Scout Tower
26:16 Cannon Tower
26:50 Guard Tower
26:54 Guard Tower
27:01 Arcane Sanctum
27:10 Guard Tower
27:26 Guard Tower
27:28 Scout Tower
27:30 Scout Tower
27:30 Scout Tower
27:31 Scout Tower
27:32 Scout Tower
27:34 Guard Tower
27:45 Scout Tower
27:45 Scout Tower
27:47 Scout Tower
27:47 Scout Tower
27:48 Scout Tower
27:49 Scout Tower
27:50 Scout Tower
27:50 Scout Tower
27:51 Scout Tower
27:52 Scout Tower
27:53 Scout Tower
27:57 Guard Tower
27:59 Scout Tower
28:00 Scout Tower
28:01 Scout Tower
28:02 Scout Tower
28:03 Scout Tower
28:22 Scout Tower
28:23 Scout Tower
28:25 Scout Tower
28:55 Guard Tower
29:04 Guard Tower
29:25 Guard Tower
29:51 Guard Tower
29:52 Scout Tower
29:58 Cannon Tower
30:01 Scout Tower
30:02 Scout Tower
30:04 Scout Tower
30:04 Scout Tower
30:06 Guard Tower
30:10 Arcane Tower
30:22 Guard Tower
30:24 Scout Tower
30:31 Scout Tower
30:32 Scout Tower
30:39 Scout Tower
30:41 Scout Tower
30:42 Scout Tower
30:42 Scout Tower
30:43 Scout Tower
30:44 Scout Tower
30:46 Scout Tower
30:47 Scout Tower
30:48 Scout Tower
31:07 Guard Tower
31:10 Arcane Tower
31:14 Arcane Tower
31:15 Arcane Tower
31:21 Arcane Tower
31:23 Guard Tower
31:37 Guard Tower
31:39 Scout Tower
31:39 Scout Tower
31:40 Scout Tower
31:41 Scout Tower
31:46 Arcane Tower
31:51 Scout Tower
31:52 Scout Tower
31:53 Scout Tower
31:55 Scout Tower
32:01 Guard Tower
32:03 Arcane Tower
32:04 Scout Tower
32:04 Scout Tower
32:05 Scout Tower
32:07 Scout Tower
32:16 Scout Tower
32:17 Scout Tower
32:17 Scout Tower
32:18 Scout Tower
32:19 Scout Tower
32:20 Scout Tower
32:21 Scout Tower
32:22 Scout Tower
32:23 Scout Tower
32:24 Scout Tower
32:24 Scout Tower
32:25 Scout Tower
32:28 Scout Tower
32:28 Scout Tower
32:29 Scout Tower
32:30 Scout Tower
32:31 Scout Tower
32:32 Scout Tower
32:37 Arcane Tower
32:38 Arcane Tower
32:41 Arcane Tower
32:42 Arcane Tower
32:45 Arcane Tower
32:47 Scout Tower
32:48 Scout Tower
32:49 Scout Tower
32:50 Scout Tower
33:02 Arcane Tower
33:04 Arcane Tower
33:07 Arcane Tower
33:12 Scout Tower
33:14 Scout Tower
33:15 Scout Tower
33:15 Scout Tower
33:16 Scout Tower
33:17 Scout Tower
33:19 Scout Tower
33:20 Scout Tower
33:21 Scout Tower
33:23 Scout Tower
33:23 Scout Tower
33:29 Guard Tower
33:34 Guard Tower
33:37 Scout Tower
33:38 Scout Tower
33:38 Scout Tower
33:40 Scout Tower
33:41 Scout Tower
33:53 Guard Tower
33:55 Scout Tower
33:56 Scout Tower
33:57 Scout Tower
33:58 Scout Tower
33:59 Scout Tower
34:00 Scout Tower
34:13 Guard Tower
34:18 Guard Tower
34:59 Guard Tower
35:02 Scout Tower
35:02 Scout Tower
35:03 Scout Tower
35:03 Scout Tower
35:04 Scout Tower
35:04 Scout Tower
35:05 Scout Tower
35:06 Scout Tower
35:09 Guard Tower
36:27 Guard Tower
36:28 Scout Tower
36:28 Scout Tower
36:29 Scout Tower
36:30 Scout Tower
36:32 Scout Tower
36:33 Scout Tower
36:33 Scout Tower
36:34 Scout Tower
36:34 Scout Tower
36:36 Guard Tower
36:41 Scout Tower
36:41 Scout Tower
36:42 Scout Tower
36:43 Scout Tower
36:47 Scout Tower
36:47 Scout Tower
36:48 Scout Tower
36:50 Scout Tower
36:53 Scout Tower
36:53 Scout Tower
37:10 Cannon Tower
37:13 Guard Tower
37:18 Guard Tower
37:39 Arcane Vault
37:53 Guard Tower
38:01 Guard Tower
38:05 Guard Tower
38:10 Guard Tower
38:21 Scout Tower
38:23 Scout Tower
38:24 Scout Tower
38:55 Guard Tower
39:00 Guard Tower
39:03 Guard Tower
39:09 Scout Tower
39:09 Scout Tower
39:10 Scout Tower
39:12 Scout Tower
39:13 Scout Tower
39:14 Scout Tower
39:15 Scout Tower
39:18 Scout Tower
39:18 Scout Tower
39:19 Scout Tower
39:19 Scout Tower
39:21 Scout Tower
39:22 Scout Tower
39:23 Scout Tower
39:27 Scout Tower
39:27 Scout Tower
39:29 Scout Tower
39:41 Scout Tower
40:05 Scout Tower
40:06 Scout Tower
40:07 Scout Tower
40:08 Scout Tower
40:09 Guard Tower
40:11 Scout Tower
40:13 Scout Tower
40:18 Scout Tower
40:19 Scout Tower
40:20 Scout Tower
40:21 Scout Tower
40:23 Scout Tower
40:23 Scout Tower
40:24 Scout Tower
40:25 Scout Tower
40:28 Scout Tower
40:29 Scout Tower
40:29 Scout Tower
40:30 Scout Tower
40:32 Guard Tower
40:42 Scout Tower
40:43 Scout Tower
41:23 Guard Tower
41:48 Guard Tower
41:51 Guard Tower
41:54 Scout Tower
41:55 Scout Tower
41:56 Scout Tower
41:57 Scout Tower
41:58 Scout Tower
41:58 Scout Tower
42:00 Scout Tower
42:01 Scout Tower
42:02 Scout Tower
42:03 Scout Tower
42:03 Scout Tower
42:04 Scout Tower
42:06 Scout Tower
42:06 Scout Tower
42:07 Scout Tower
42:07 Scout Tower
42:08 Scout Tower
42:09 Scout Tower
42:11 Scout Tower
42:11 Scout Tower
42:12 Scout Tower
42:12 Scout Tower
42:13 Scout Tower
42:13 Scout Tower
42:15 Scout Tower
42:16 Scout Tower
42:17 Scout Tower
42:18 Scout Tower
42:18 Scout Tower
42:19 Scout Tower
42:22 Scout Tower
42:23 Scout Tower
42:24 Scout Tower
42:24 Scout Tower
42:27 Scout Tower
42:28 Scout Tower
42:29 Scout Tower
42:31 Guard Tower
42:33 Scout Tower
42:34 Scout Tower
42:35 Scout Tower
42:49 Guard Tower
42:51 Guard Tower
43:02 Guard Tower
43:11 Guard Tower
43:13 Guard Tower
44:01 Guard Tower
44:03 Guard Tower
44:08 Scout Tower
44:19 Guard Tower
44:27 Scout Tower
44:30 Scout Tower
44:31 Scout Tower
44:35 Guard Tower
44:37 Guard Tower
45:10 Scout Tower
45:11 Scout Tower
45:12 Scout Tower
45:13 Scout Tower
45:14 Scout Tower
45:14 Scout Tower
45:17 Scout Tower
45:18 Scout Tower
45:19 Scout Tower
45:19 Scout Tower
45:22 Scout Tower
45:23 Scout Tower
45:27 Scout Tower
45:28 Scout Tower
45:30 Scout Tower
45:31 Scout Tower
45:31 Scout Tower
45:33 Scout Tower
45:33 Scout Tower
45:34 Scout Tower
45:36 Scout Tower
45:37 Scout Tower
45:38 Scout Tower
45:39 Scout Tower
45:39 Scout Tower
45:40 Scout Tower
45:42 Guard Tower
45:44 Scout Tower
45:45 Scout Tower
45:46 Guard Tower
45:48 Scout Tower
45:49 Scout Tower
45:51 Scout Tower
45:55 Scout Tower
46:05 Guard Tower
46:31 Guard Tower
46:41 Scout Tower
46:43 Scout Tower
46:45 Scout Tower
46:47 Guard Tower
46:50 Scout Tower
46:52 Scout Tower
46:58 Guard Tower
47:08 Guard Tower
47:10 Scout Tower
47:11 Scout Tower
47:16 Scout Tower
47:17 Scout Tower
47:19 Scout Tower
47:20 Scout Tower
47:22 Guard Tower
47:26 Scout Tower
47:27 Scout Tower
47:28 Scout Tower
47:29 Scout Tower
47:31 Scout Tower
47:33 Scout Tower
47:34 Scout Tower
47:36 Scout Tower
47:37 Scout Tower
47:38 Scout Tower
47:42 Guard Tower
47:46 Scout Tower
47:50 Scout Tower
47:53 Scout Tower
47:55 Scout Tower
47:56 Scout Tower
47:58 Scout Tower
47:59 Scout Tower
47:59 Scout Tower
48:02 Guard Tower
48:05 Guard Tower
48:07 Scout Tower
48:09 Scout Tower
48:10 Scout Tower
48:11 Scout Tower
48:14 Scout Tower
48:16 Guard Tower
48:21 Guard Tower
48:25 Scout Tower
48:27 Scout Tower
48:28 Scout Tower
48:28 Scout Tower
48:29 Scout Tower
48:31 Scout Tower
48:33 Scout Tower
48:34 Scout Tower
48:35 Scout Tower
48:36 Scout Tower
48:39 Scout Tower
48:41 Scout Tower
48:42 Scout Tower
48:44 Scout Tower
48:46 Scout Tower
48:50 Guard Tower
49:00 Guard Tower
49:29 Guard Tower
49:37 Scout Tower
49:39 Scout Tower
49:40 Scout Tower
49:40 Scout Tower
49:41 Scout Tower
49:42 Scout Tower
49:42 Scout Tower
49:43 Scout Tower
49:44 Scout Tower
49:45 Scout Tower
49:47 Guard Tower
49:49 Scout Tower
49:51 Scout Tower
49:52 Scout Tower
49:53 Scout Tower
49:55 Scout Tower
49:58 Scout Tower
49:59 Scout Tower
50:00 Scout Tower
50:01 Scout Tower
50:02 Scout Tower
50:05 Scout Tower
50:06 Scout Tower
50:08 Scout Tower
50:09 Scout Tower
50:11 Guard Tower
50:17 Scout Tower
50:21 Guard Tower
50:25 Scout Tower
50:25 Scout Tower
50:26 Scout Tower
50:27 Scout Tower
50:28 Scout Tower
50:43 Guard Tower
50:50 Guard Tower
50:52 Scout Tower
50:53 Scout Tower
51:07 Guard Tower
51:29 Guard Tower
51:33 Scout Tower
51:34 Scout Tower
51:39 Scout Tower
51:40 Scout Tower
51:41 Scout Tower
51:47 Scout Tower
51:48 Scout Tower
51:49 Scout Tower
51:53 Scout Tower
51:56 Guard Tower
52:09 Scout Tower
52:11 Scout Tower
52:12 Scout Tower
52:15 Guard Tower
52:21 Scout Tower
52:22 Scout Tower
52:27 Scout Tower
52:29 Scout Tower
52:31 Scout Tower
52:32 Scout Tower
52:33 Scout Tower
52:34 Scout Tower
52:35 Scout Tower
52:36 Scout Tower
52:37 Scout Tower
52:38 Scout Tower
52:39 Scout Tower
52:41 Scout Tower
52:45 Scout Tower
52:46 Scout Tower
52:48 Scout Tower
52:51 Scout Tower
52:52 Scout Tower
52:53 Guard Tower
53:13 Guard Tower
53:19 Scout Tower
53:20 Scout Tower
53:21 Scout Tower
53:22 Scout Tower
53:26 Scout Tower
53:27 Scout Tower
53:28 Scout Tower
53:29 Scout Tower
53:31 Scout Tower
53:33 Guard Tower
53:46 Scout Tower
53:47 Scout Tower
53:48 Guard Tower
53:50 Scout Tower
53:52 Scout Tower
53:54 Scout Tower
53:55 Scout Tower
53:56 Scout Tower
53:56 Scout Tower
53:59 Scout Tower
54:00 Scout Tower
54:01 Scout Tower
54:02 Scout Tower
54:02 Scout Tower
54:03 Scout Tower
54:04 Scout Tower
54:05 Scout Tower
54:05 Scout Tower
54:07 Scout Tower
54:07 Scout Tower
54:08 Scout Tower
54:08 Scout Tower
54:09 Scout Tower
54:09 Scout Tower
54:15 Guard Tower
54:18 Scout Tower
54:39 Guard Tower
54:41 Scout Tower
54:41 Scout Tower
54:42 Scout Tower
54:43 Scout Tower
54:43 Scout Tower
54:44 Scout Tower
55:37 Guard Tower
56:16 Scout Tower
56:17 Scout Tower
56:53 Guard Tower
56:55 Scout Tower
56:56 Scout Tower
56:57 Scout Tower
56:58 Scout Tower
56:59 Scout Tower
57:00 Scout Tower
57:03 Scout Tower
57:04 Scout Tower
57:05 Scout Tower
57:06 Scout Tower
57:11 Scout Tower
57:11 Scout Tower
57:12 Scout Tower
57:16 Scout Tower
57:17 Scout Tower
57:18 Scout Tower
57:19 Scout Tower
57:21 Scout Tower
57:22 Scout Tower
57:23 Scout Tower
57:24 Guard Tower
57:27 Scout Tower
57:28 Scout Tower
57:29 Scout Tower
57:31 Scout Tower
57:33 Scout Tower
57:34 Scout Tower
57:35 Scout Tower
57:35 Scout Tower
57:46 Guard Tower
57:49 Scout Tower
57:50 Scout Tower
57:51 Scout Tower
57:53 Scout Tower
57:54 Scout Tower
57:55 Scout Tower
57:57 Scout Tower
57:58 Scout Tower
58:00 Scout Tower
58:01 Scout Tower
58:02 Scout Tower
58:03 Scout Tower
58:05 Scout Tower
58:06 Scout Tower
58:08 Scout Tower
58:10 Guard Tower
58:28 Guard Tower
58:32 Guard Tower
58:45 Guard Tower
58:47 Scout Tower
58:48 Scout Tower
58:49 Scout Tower
58:50 Scout Tower
58:51 Scout Tower
59:13 Scout Tower
59:14 Scout Tower
59:14 Scout Tower
59:15 Scout Tower
59:17 Guard Tower
59:19 Scout Tower
59:19 Scout Tower
59:20 Scout Tower
59:22 Scout Tower
59:23 Scout Tower
59:23 Scout Tower
59:24 Scout Tower
59:25 Scout Tower
59:26 Scout Tower
59:27 Guard Tower
59:30 Scout Tower
59:31 Scout Tower
59:32 Scout Tower
59:33 Scout Tower
59:36 Scout Tower
59:43 Guard Tower
59:46 Scout Tower
59:47 Scout Tower
59:48 Scout Tower
59:49 Scout Tower
59:52 Guard Tower
60:07 Scout Tower
60:08 Scout Tower
60:09 Scout Tower
60:10 Scout Tower
60:11 Scout Tower
60:12 Scout Tower
60:13 Scout Tower
60:13 Scout Tower
60:14 Scout Tower
60:15 Scout Tower
60:16 Scout Tower
60:17 Scout Tower
60:17 Scout Tower
60:18 Scout Tower
60:21 Guard Tower
60:24 Scout Tower
60:25 Scout Tower
60:26 Scout Tower
60:26 Scout Tower
60:31 Scout Tower
60:33 Scout Tower
60:33 Scout Tower
60:34 Scout Tower
60:34 Scout Tower
60:35 Scout Tower
60:36 Scout Tower
60:36 Scout Tower
60:37 Scout Tower
60:38 Scout Tower
60:38 Scout Tower
60:39 Scout Tower
60:40 Scout Tower
60:41 Scout Tower
60:43 Guard Tower
61:00 Guard Tower
61:14 Guard Tower
61:16 Scout Tower
61:17 Scout Tower
61:18 Scout Tower
61:18 Scout Tower
61:21 Scout Tower
61:22 Scout Tower
61:22 Scout Tower
61:23 Scout Tower
61:24 Scout Tower
61:27 Scout Tower
61:47 Guard Tower
62:07 Scout Tower
62:08 Scout Tower
62:08 Scout Tower
62:09 Scout Tower
62:10 Scout Tower
62:11 Scout Tower
62:17 Scout Tower
62:18 Scout Tower
62:19 Scout Tower
62:20 Scout Tower
62:24 Guard Tower
64:09 Guard Tower
64:17 Guard Tower
64:24 Scout Tower
64:25 Scout Tower
64:26 Scout Tower
64:27 Scout Tower
64:30 Scout Tower
64:31 Scout Tower
65:54 Guard Tower
66:07 Scout Tower
66:08 Scout Tower
66:14 Scout Tower
66:14 Scout Tower
66:15 Scout Tower
66:16 Scout Tower
66:17 Scout Tower
66:18 Scout Tower
66:19 Scout Tower
66:19 Scout Tower
66:20 Scout Tower
66:21 Scout Tower
66:23 Guard Tower
66:25 Scout Tower
66:26 Scout Tower
66:28 Scout Tower
66:33 Scout Tower
66:33 Scout Tower
66:34 Scout Tower
66:36 Scout Tower
66:39 Scout Tower
66:40 Scout Tower
66:41 Scout Tower
66:43 Scout Tower
66:44 Scout Tower
66:45 Scout Tower
66:46 Scout Tower
66:46 Scout Tower
66:47 Scout Tower
66:48 Scout Tower
66:49 Scout Tower
66:50 Scout Tower
66:53 Scout Tower
66:55 Scout Tower
66:55 Scout Tower
66:57 Scout Tower
67:00 Scout Tower
67:02 Scout Tower
67:04 Scout Tower
67:04 Scout Tower
67:05 Scout Tower
67:06 Scout Tower
67:07 Scout Tower
67:07 Scout Tower
67:08 Scout Tower
67:09 Scout Tower
67:10 Scout Tower
67:11 Scout Tower
67:12 Scout Tower
67:13 Scout Tower
67:13 Scout Tower
67:14 Scout Tower
67:15 Scout Tower
67:16 Scout Tower
67:22 Guard Tower
67:23 Scout Tower
67:24 Scout Tower
67:25 Scout Tower
67:26 Scout Tower
67:27 Scout Tower
67:27 Scout Tower
67:28 Scout Tower
67:28 Scout Tower
67:29 Scout Tower
67:35 Scout Tower
67:37 Scout Tower
67:38 Scout Tower
67:40 Scout Tower
67:48 Scout Tower
67:49 Scout Tower
67:51 Scout Tower
67:51 Scout Tower
68:03 Guard Tower
68:49 Guard Tower
68:52 Scout Tower
68:53 Scout Tower
68:54 Scout Tower
68:55 Scout Tower
69:22 Guard Tower
70:16 Scout Tower
70:17 Scout Tower
70:18 Scout Tower
70:19 Scout Tower
70:20 Scout Tower
70:20 Scout Tower
70:22 Scout Tower
70:23 Scout Tower
70:23 Scout Tower
70:24 Scout Tower
70:29 Scout Tower
70:35 Guard Tower
70:40 Guard Tower
70:43 Scout Tower
70:45 Scout Tower
70:46 Scout Tower
70:47 Scout Tower
70:52 Scout Tower
70:52 Scout Tower
70:54 Guard Tower
71:03 Guard Tower
71:08 Scout Tower
71:09 Scout Tower
71:10 Scout Tower
71:11 Scout Tower
71:16 Scout Tower
71:17 Scout Tower
71:18 Scout Tower
71:20 Guard Tower
71:24 Scout Tower
71:25 Scout Tower
71:26 Scout Tower
71:26 Scout Tower
71:27 Scout Tower
71:27 Scout Tower
71:28 Scout Tower
71:29 Scout Tower
71:30 Scout Tower
71:37 Scout Tower
71:38 Scout Tower
71:38 Scout Tower
71:39 Scout Tower
71:42 Guard Tower
72:09 Guard Tower
72:35 Scout Tower
72:36 Scout Tower
72:37 Scout Tower
72:38 Scout Tower
72:42 Scout Tower
72:44 Scout Tower
72:45 Scout Tower
72:46 Scout Tower
72:47 Scout Tower
72:48 Scout Tower
72:51 Scout Tower
72:52 Scout Tower
72:55 Guard Tower
72:58 Guard Tower
73:03 Guard Tower
73:23 Guard Tower
73:36 Guard Tower
73:51 Guard Tower
73:58 Scout Tower
73:59 Scout Tower
74:04 Scout Tower
74:19 Scout Tower
74:20 Scout Tower
74:21 Scout Tower
74:22 Scout Tower
74:23 Scout Tower
74:25 Scout Tower
74:27 Scout Tower
74:32 Guard Tower
74:36 Guard Tower
74:42 Scout Tower
74:43 Scout Tower
74:45 Scout Tower
74:47 Scout Tower
74:52 Scout Tower
74:53 Scout Tower
74:54 Scout Tower
74:56 Scout Tower
75:14 Guard Tower
75:16 Scout Tower
75:17 Scout Tower
75:18 Scout Tower
75:19 Scout Tower
75:21 Scout Tower
75:22 Scout Tower
75:23 Scout Tower
75:24 Scout Tower
75:25 Scout Tower
75:28 Guard Tower
75:35 Scout Tower
75:36 Scout Tower
75:36 Scout Tower
76:05 Guard Tower
76:22 Scout Tower
76:24 Scout Tower
76:25 Scout Tower
76:26 Scout Tower
76:27 Scout Tower
76:28 Scout Tower
76:29 Scout Tower
76:30 Scout Tower
76:34 Scout Tower
76:34 Scout Tower
76:35 Scout Tower
76:36 Scout Tower
76:37 Scout Tower
76:38 Scout Tower
76:42 Scout Tower
76:43 Scout Tower
76:43 Scout Tower
76:44 Scout Tower
76:44 Scout Tower
76:51 Scout Tower
76:52 Scout Tower
76:53 Scout Tower
76:54 Scout Tower
77:07 Guard Tower
77:10 Scout Tower
77:11 Scout Tower
77:11 Scout Tower
77:12 Scout Tower
77:14 Scout Tower
77:15 Scout Tower
77:16 Scout Tower
77:17 Scout Tower
77:41 Guard Tower
77:50 Guard Tower
78:03 Guard Tower
78:13 Scout Tower
78:14 Scout Tower
78:15 Scout Tower
78:16 Scout Tower
78:21 Guard Tower
78:26 Guard Tower
78:33 Scout Tower
78:35 Scout Tower
78:36 Scout Tower
78:36 Scout Tower
78:37 Scout Tower
78:37 Scout Tower
78:38 Scout Tower
78:39 Scout Tower
78:40 Scout Tower
78:40 Scout Tower
78:42 Scout Tower
78:42 Scout Tower
78:43 Scout Tower
78:44 Scout Tower
78:45 Scout Tower
78:46 Scout Tower
78:50 Scout Tower
78:51 Scout Tower
78:53 Scout Tower
78:54 Scout Tower
78:54 Scout Tower
78:58 Scout Tower
78:59 Scout Tower
78:59 Scout Tower
79:00 Scout Tower
79:01 Scout Tower
79:01 Scout Tower
79:02 Scout Tower
79:03 Scout Tower
79:04 Scout Tower
79:05 Scout Tower
79:08 Guard Tower
79:16 Guard Tower
79:24 Scout Tower
79:24 Scout Tower
79:25 Scout Tower
79:27 Scout Tower
79:28 Scout Tower
79:28 Scout Tower
79:29 Scout Tower
79:30 Scout Tower
79:30 Scout Tower
79:33 Guard Tower
79:58 Guard Tower
80:04 Scout Tower
80:06 Scout Tower
80:08 Scout Tower
80:09 Scout Tower
80:10 Scout Tower
80:19 Scout Tower
80:20 Scout Tower
80:21 Scout Tower
80:22 Scout Tower
80:23 Scout Tower
80:27 Scout Tower
80:28 Scout Tower
80:28 Scout Tower
80:30 Scout Tower
80:31 Scout Tower
80:31 Scout Tower
80:33 Guard Tower
80:36 Guard Tower
80:57 Guard Tower
81:10 Scout Tower
81:11 Scout Tower
81:12 Scout Tower
81:13 Scout Tower
81:14 Scout Tower
81:14 Scout Tower
82:02 Scout Tower
82:03 Scout Tower
82:04 Scout Tower
82:06 Scout Tower
82:14 Scout Tower
82:15 Scout Tower
82:16 Scout Tower
82:18 Scout Tower
82:19 Scout Tower
82:21 Guard Tower
82:24 Scout Tower
82:25 Scout Tower
82:25 Scout Tower
82:26 Scout Tower
82:27 Scout Tower
82:28 Scout Tower
82:28 Scout Tower
82:29 Scout Tower
82:30 Scout Tower
82:31 Scout Tower
82:31 Scout Tower
82:32 Scout Tower
82:35 Scout Tower
82:38 Guard Tower
82:40 Scout Tower
82:41 Scout Tower
82:42 Scout Tower
82:42 Scout Tower
82:43 Scout Tower
82:43 Scout Tower
82:44 Scout Tower
82:44 Scout Tower
82:45 Scout Tower
82:46 Scout Tower
82:46 Scout Tower
82:47 Scout Tower
82:51 Scout Tower
82:52 Scout Tower
82:54 Scout Tower
82:55 Scout Tower
82:55 Scout Tower
82:56 Scout Tower
82:57 Scout Tower
82:57 Scout Tower
82:58 Scout Tower
83:52 Scout Tower
83:53 Scout Tower
83:54 Scout Tower
83:55 Scout Tower
83:57 Guard Tower
84:08 Guard Tower
84:10 Scout Tower
84:11 Scout Tower
84:12 Scout Tower
84:13 Scout Tower
84:14 Scout Tower
84:18 Scout Tower
84:20 Scout Tower
84:21 Scout Tower
84:22 Scout Tower
84:24 Scout Tower
84:25 Scout Tower
84:26 Scout Tower
84:27 Scout Tower
84:27 Scout Tower
84:28 Scout Tower
84:31 Guard Tower
84:37 Scout Tower
84:39 Scout Tower
84:40 Scout Tower
84:41 Scout Tower
84:42 Scout Tower
84:44 Scout Tower
84:46 Scout Tower
84:46 Scout Tower
84:47 Scout Tower
84:48 Scout Tower
84:49 Scout Tower
84:51 Scout Tower
84:53 Scout Tower
85:01 Scout Tower
85:03 Scout Tower
85:04 Scout Tower
85:05 Scout Tower
85:06 Scout Tower
85:09 Scout Tower
85:09 Scout Tower
85:10 Scout Tower
85:10 Scout Tower
85:11 Scout Tower
85:12 Scout Tower
85:14 Scout Tower
85:14 Scout Tower
85:15 Scout Tower
85:16 Scout Tower
85:17 Scout Tower
85:18 Scout Tower
85:32 Scout Tower
85:34 Scout Tower
85:35 Scout Tower
85:38 Scout Tower
85:38 Scout Tower
85:39 Scout Tower
85:40 Scout Tower
85:41 Scout Tower
85:42 Scout Tower
85:44 Scout Tower
85:45 Scout Tower
85:46 Scout Tower
85:47 Scout Tower
85:48 Scout Tower
85:48 Scout Tower
85:50 Scout Tower
85:50 Scout Tower
85:51 Scout Tower
85:53 Guard Tower
85:57 Guard Tower
86:00 Scout Tower
86:00 Scout Tower
86:01 Scout Tower
86:01 Scout Tower
86:09 Scout Tower
86:10 Scout Tower
86:11 Scout Tower
86:12 Scout Tower
86:13 Scout Tower
86:14 Scout Tower
86:15 Scout Tower
86:20 Guard Tower
86:25 Scout Tower
86:27 Scout Tower
86:27 Scout Tower
86:31 Scout Tower
86:33 Scout Tower
86:34 Scout Tower
86:37 Scout Tower
86:38 Scout Tower
86:39 Scout Tower
86:50 Scout Tower
86:51 Scout Tower
86:51 Scout Tower
86:53 Scout Tower
86:54 Scout Tower
86:58 Scout Tower
86:58 Scout Tower
86:59 Scout Tower
87:00 Scout Tower
87:00 Scout Tower
87:01 Scout Tower
87:02 Scout Tower
87:02 Scout Tower
87:03 Scout Tower
87:04 Scout Tower
87:12 Scout Tower
87:13 Scout Tower
87:13 Scout Tower
87:14 Scout Tower
87:15 Scout Tower
87:16 Scout Tower
87:17 Scout Tower
87:17 Scout Tower
87:18 Scout Tower
87:19 Scout Tower
87:19 Scout Tower
87:20 Scout Tower
87:21 Scout Tower
87:22 Scout Tower
87:22 Scout Tower
87:32 Scout Tower
87:33 Scout Tower
87:34 Scout Tower
87:34 Scout Tower
87:36 Scout Tower
87:41 Scout Tower
87:42 Scout Tower
87:47 Scout Tower
87:48 Scout Tower
87:49 Scout Tower
87:50 Scout Tower
87:56 Scout Tower
87:57 Scout Tower
87:58 Scout Tower
87:59 Scout Tower
88:00 Scout Tower
88:05 Scout Tower
88:05 Scout Tower
88:06 Scout Tower
88:06 Scout Tower
88:07 Scout Tower
88:11 Scout Tower
88:12 Scout Tower
88:13 Scout Tower
88:14 Scout Tower
88:14 Scout Tower
88:15 Scout Tower
88:23 Scout Tower
88:25 Scout Tower
88:26 Scout Tower
88:27 Scout Tower
88:28 Scout Tower
88:36 Scout Tower
88:37 Scout Tower
88:39 Scout Tower
88:41 Scout Tower
88:43 Scout Tower
88:43 Scout Tower
88:44 Scout Tower
88:45 Scout Tower
88:46 Scout Tower
88:47 Scout Tower
88:51 Scout Tower
88:52 Scout Tower
88:53 Scout Tower
88:53 Scout Tower
88:54 Scout Tower
88:55 Scout Tower
88:57 Scout Tower
88:58 Scout Tower
88:58 Scout Tower
89:04 Scout Tower
89:05 Scout Tower
89:06 Scout Tower
89:07 Scout Tower
89:08 Scout Tower
89:09 Scout Tower
89:16 Scout Tower
89:17 Scout Tower
89:18 Scout Tower
89:19 Scout Tower
89:20 Scout Tower
89:29 Scout Tower
89:30 Scout Tower
89:31 Scout Tower
89:32 Scout Tower
89:33 Scout Tower
89:37 Scout Tower
89:41 Scout Tower
89:42 Scout Tower
89:43 Scout Tower
89:44 Scout Tower
89:53 Scout Tower
89:55 Scout Tower
89:56 Scout Tower
89:57 Scout Tower
89:58 Scout Tower
90:01 Scout Tower
90:02 Scout Tower
90:02 Scout Tower
90:03 Scout Tower
90:04 Scout Tower
90:10 Guard Tower
90:11 Guard Tower
90:14 Guard Tower
90:16 Guard Tower
90:19 Guard Tower
90:26 Scout Tower
90:27 Scout Tower
90:28 Scout Tower
90:30 Scout Tower
90:31 Scout Tower
90:36 Scout Tower
90:38 Scout Tower
90:39 Scout Tower
90:43 Scout Tower
90:47 Scout Tower
90:47 Scout Tower
90:48 Scout Tower
90:49 Scout Tower
90:49 Scout Tower
90:53 Guard Tower
90:56 Scout Tower
90:57 Scout Tower
90:58 Scout Tower
90:58 Scout Tower
90:59 Scout Tower
91:00 Scout Tower
91:02 Scout Tower
91:03 Scout Tower
91:05 Scout Tower
91:06 Scout Tower
91:07 Guard Tower
91:10 Guard Tower
91:13 Guard Tower
91:15 Guard Tower
91:18 Guard Tower
91:20 Guard Tower
91:23 Guard Tower
91:26 Guard Tower
91:30 Guard Tower
91:50 Scout Tower
91:51 Scout Tower
91:52 Scout Tower
91:52 Scout Tower
92:02 Guard Tower
92:07 Scout Tower
92:08 Scout Tower
92:10 Scout Tower
92:11 Scout Tower
92:13 Scout Tower
92:14 Scout Tower
92:22 Guard Tower
92:38 Scout Tower
92:40 Scout Tower
92:42 Scout Tower
92:42 Scout Tower
92:47 Guard Tower
92:51 Scout Tower
92:53 Scout Tower
92:54 Scout Tower
92:54 Scout Tower
92:57 Scout Tower
92:57 Scout Tower
92:58 Scout Tower
92:59 Scout Tower
93:02 Guard Tower
93:09 Scout Tower
93:11 Scout Tower
93:14 Scout Tower
93:15 Scout Tower
93:16 Scout Tower
93:17 Scout Tower
93:22 Guard Tower
93:26 Scout Tower
93:27 Scout Tower
93:28 Scout Tower
93:29 Scout Tower
93:30 Scout Tower
93:31 Scout Tower
93:33 Scout Tower
93:33 Scout Tower
93:34 Scout Tower
93:35 Scout Tower
93:37 Scout Tower
93:39 Guard Tower
93:53 Guard Tower
94:01 Scout Tower
94:02 Scout Tower
94:02 Scout Tower
95:05 Guard Tower
95:07 Scout Tower
95:08 Scout Tower
95:09 Scout Tower
95:10 Scout Tower
95:12 Scout Tower
95:13 Scout Tower
95:14 Scout Tower
95:15 Scout Tower
95:16 Scout Tower
95:16 Scout Tower
95:18 Scout Tower
95:18 Scout Tower
95:19 Scout Tower
95:24 Scout Tower
95:24 Scout Tower
95:24 Scout Tower
95:24 Scout Tower
95:25 Scout Tower
95:25 Scout Tower
95:25 Scout Tower
95:25 Scout Tower
95:26 Scout Tower
95:26 Scout Tower
95:26 Scout Tower
95:29 Scout Tower
95:29 Scout Tower
95:29 Scout Tower
95:30 Scout Tower
95:30 Scout Tower
95:30 Scout Tower
95:31 Scout Tower
95:31 Scout Tower
95:32 Scout Tower
95:32 Scout Tower
95:34 Scout Tower
95:34 Scout Tower
95:35 Scout Tower
95:35 Scout Tower
95:35 Scout Tower
95:35 Scout Tower
95:36 Scout Tower
95:36 Scout Tower
95:36 Scout Tower
95:36 Scout Tower
95:37 Scout Tower
95:37 Scout Tower
95:37 Scout Tower
95:37 Scout Tower
95:38 Scout Tower
95:38 Scout Tower
95:38 Scout Tower
95:38 Scout Tower
95:39 Scout Tower
95:40 Scout Tower
95:40 Scout Tower
95:40 Scout Tower
95:41 Scout Tower
95:41 Scout Tower
95:41 Scout Tower
95:41 Scout Tower
95:42 Scout Tower
95:42 Scout Tower
95:42 Scout Tower
95:45 Scout Tower
95:46 Scout Tower
95:46 Scout Tower
95:46 Scout Tower
95:46 Scout Tower
95:47 Scout Tower
95:47 Scout Tower
95:47 Scout Tower
95:47 Scout Tower
95:48 Scout Tower
95:48 Scout Tower
95:48 Scout Tower
95:48 Scout Tower
95:49 Scout Tower
95:49 Scout Tower
95:49 Scout Tower
95:49 Scout Tower
95:50 Scout Tower
95:52 Scout Tower
95:52 Scout Tower
95:53 Scout Tower
95:53 Scout Tower
95:53 Scout Tower
95:53 Scout Tower
95:54 Scout Tower
95:54 Scout Tower
95:54 Scout Tower
95:55 Scout Tower
95:55 Scout Tower
95:55 Scout Tower
95:55 Scout Tower
95:56 Scout Tower
95:56 Scout Tower
95:56 Scout Tower
95:56 Scout Tower
95:57 Scout Tower
95:57 Scout Tower
95:57 Scout Tower
95:58 Scout Tower
95:58 Scout Tower
95:58 Scout Tower
95:58 Scout Tower
96:00 Scout Tower
96:01 Scout Tower
96:01 Scout Tower
96:01 Scout Tower
96:01 Scout Tower
96:02 Scout Tower
96:02 Scout Tower
96:02 Scout Tower
96:05 Scout Tower
96:05 Scout Tower
96:15 Scout Tower
96:15 Scout Tower
96:15 Scout Tower
96:16 Scout Tower
96:16 Scout Tower
96:16 Scout Tower
96:17 Scout Tower
96:17 Scout Tower
96:20 Scout Tower
96:20 Scout Tower
96:20 Scout Tower
96:21 Scout Tower
96:21 Scout Tower
96:21 Scout Tower
96:21 Scout Tower
96:22 Scout Tower
96:22 Scout Tower
96:22 Scout Tower
96:25 Scout Tower
96:25 Scout Tower
96:26 Scout Tower
96:26 Scout Tower
96:26 Scout Tower
96:27 Scout Tower
96:27 Scout Tower
96:27 Scout Tower
96:27 Scout Tower
96:28 Scout Tower
96:28 Scout Tower
96:38 Guard Tower
96:42 Scout Tower
96:42 Scout Tower
96:43 Scout Tower
96:43 Scout Tower
96:51 Scout Tower
96:51 Scout Tower
96:51 Scout Tower
96:52 Scout Tower
96:52 Scout Tower
97:59 Guard Tower
98:02 Scout Tower
98:02 Scout Tower
98:03 Scout Tower
98:07 Guard Tower
98:16 Scout Tower
98:16 Scout Tower
98:16 Scout Tower
98:17 Scout Tower
98:17 Scout Tower
98:17 Scout Tower
98:17 Scout Tower
98:18 Scout Tower
98:18 Scout Tower
98:18 Scout Tower
98:18 Scout Tower
98:19 Scout Tower
98:56 Guard Tower
98:59 Scout Tower
98:59 Scout Tower
98:59 Scout Tower
99:00 Scout Tower
99:01 Scout Tower
99:01 Scout Tower
99:01 Scout Tower
99:02 Scout Tower
99:02 Scout Tower
99:02 Scout Tower
99:02 Scout Tower
99:04 Guard Tower
99:08 Scout Tower
99:08 Scout Tower
99:08 Scout Tower
99:08 Scout Tower
99:10 Scout Tower
99:36 Guard Tower
99:39 Scout Tower
99:39 Scout Tower
99:40 Scout Tower
99:40 Scout Tower
99:40 Scout Tower
99:40 Scout Tower
99:41 Scout Tower
99:41 Scout Tower
99:42 Scout Tower
99:43 Scout Tower
99:43 Scout Tower
99:43 Scout Tower
99:44 Scout Tower
99:45 Scout Tower
99:45 Scout Tower
99:45 Scout Tower
99:46 Scout Tower
99:46 Scout Tower
99:48 Scout Tower
99:48 Scout Tower
99:49 Scout Tower
99:50 Scout Tower
99:51 Scout Tower
99:51 Scout Tower
99:52 Guard Tower
100:03 Guard Tower
100:07 Scout Tower
100:08 Scout Tower
100:08 Scout Tower
100:08 Scout Tower
100:08 Scout Tower
100:09 Scout Tower
100:14 Guard Tower
100:18 Scout Tower
100:18 Scout Tower
100:18 Scout Tower
100:19 Scout Tower
100:19 Scout Tower
100:20 Scout Tower
100:20 Scout Tower
100:20 Scout Tower
100:38 Guard Tower
100:55 Scout Tower
100:56 Scout Tower
100:56 Scout Tower
100:56 Scout Tower
100:56 Scout Tower
100:57 Scout Tower
100:57 Scout Tower
100:58 Scout Tower
101:01 Guard Tower
101:02 Scout Tower
101:03 Scout Tower
101:03 Scout Tower
101:03 Scout Tower
101:04 Scout Tower
101:04 Scout Tower
101:05 Scout Tower
101:05 Scout Tower
101:05 Scout Tower
101:06 Scout Tower
101:06 Scout Tower
101:06 Scout Tower
101:06 Scout Tower
101:07 Scout Tower
101:10 Guard Tower
101:16 Scout Tower
101:16 Scout Tower
101:16 Scout Tower
101:17 Scout Tower
101:17 Scout Tower
101:17 Scout Tower
101:18 Scout Tower
101:18 Scout Tower
101:18 Scout Tower
101:18 Scout Tower
101:19 Scout Tower
101:19 Scout Tower
101:19 Scout Tower
101:20 Scout Tower
101:23 Guard Tower
102:23 Guard Tower
102:33 Scout Tower
102:33 Scout Tower
102:33 Scout Tower
102:39 Scout Tower
102:40 Scout Tower
102:40 Scout Tower
102:40 Scout Tower
102:52 Guard Tower
102:54 Scout Tower
102:55 Scout Tower
102:55 Scout Tower
102:55 Scout Tower
102:55 Scout Tower
102:56 Scout Tower
102:56 Scout Tower
102:56 Scout Tower
102:57 Scout Tower
102:57 Scout Tower
102:57 Scout Tower
102:57 Scout Tower
103:00 Guard Tower
103:02 Scout Tower
103:02 Scout Tower
103:02 Scout Tower
103:03 Scout Tower
103:03 Scout Tower
103:03 Scout Tower
103:03 Scout Tower
103:08 Scout Tower
103:08 Scout Tower
103:08 Scout Tower
103:09 Scout Tower
103:09 Scout Tower
103:09 Scout Tower
103:09 Scout Tower
103:12 Guard Tower
103:22 Scout Tower
103:22 Scout Tower
103:22 Scout Tower
103:23 Scout Tower
103:23 Scout Tower
103:23 Scout Tower
103:23 Scout Tower
103:25 Scout Tower
103:25 Scout Tower
103:25 Scout Tower
103:27 Guard Tower
103:32 Scout Tower
103:32 Scout Tower
103:33 Scout Tower
103:33 Scout Tower
103:33 Scout Tower
103:33 Scout Tower
103:34 Scout Tower
103:34 Scout Tower
103:37 Scout Tower
103:37 Scout Tower
103:37 Scout Tower
103:38 Scout Tower
103:38 Scout Tower
103:38 Scout Tower
103:38 Scout Tower
103:39 Scout Tower
103:39 Scout Tower
103:39 Scout Tower
103:40 Scout Tower
103:40 Scout Tower
103:40 Scout Tower
103:40 Scout Tower
103:41 Scout Tower
103:47 Scout Tower
103:47 Scout Tower
103:48 Scout Tower
103:48 Scout Tower
103:48 Scout Tower
103:48 Scout Tower
103:49 Scout Tower
103:49 Scout Tower
103:49 Scout Tower
103:49 Scout Tower
103:50 Scout Tower
103:53 Scout Tower
103:54 Scout Tower
103:54 Scout Tower
103:54 Scout Tower
103:57 Guard Tower
103:59 Guard Tower
104:02 Scout Tower
104:02 Scout Tower
104:02 Scout Tower
104:03 Scout Tower
104:04 Scout Tower
104:04 Scout Tower
104:05 Scout Tower
104:08 Scout Tower
104:09 Scout Tower
104:09 Scout Tower
104:09 Scout Tower
104:09 Scout Tower
104:10 Scout Tower
104:10 Scout Tower
104:10 Scout Tower
104:11 Scout Tower
104:11 Scout Tower
104:11 Scout Tower
104:11 Scout Tower
104:12 Scout Tower
104:14 Guard Tower
104:30 Guard Tower
104:36 Guard Tower
104:39 Guard Tower
104:42 Guard Tower
104:46 Scout Tower
104:46 Scout Tower
104:46 Scout Tower
104:47 Scout Tower
104:47 Scout Tower
104:48 Scout Tower
104:48 Scout Tower
104:48 Scout Tower
104:48 Scout Tower
104:49 Scout Tower
104:49 Scout Tower
104:49 Scout Tower
104:56 Guard Tower
105:12 Guard Tower
105:14 Scout Tower
105:15 Scout Tower
105:15 Scout Tower
105:15 Scout Tower
105:15 Scout Tower
105:16 Scout Tower
105:20 Guard Tower
105:31 Guard Tower
105:36 Scout Tower
105:36 Scout Tower
105:36 Scout Tower
105:37 Scout Tower
105:37 Scout Tower
105:37 Scout Tower
105:37 Scout Tower
105:38 Scout Tower
105:38 Scout Tower
105:39 Scout Tower
105:39 Scout Tower
105:39 Scout Tower
105:40 Scout Tower
105:40 Scout Tower
105:40 Scout Tower
105:42 Scout Tower
105:43 Scout Tower
105:43 Scout Tower
105:43 Scout Tower
105:43 Scout Tower
105:44 Scout Tower
105:45 Guard Tower
105:50 Scout Tower
105:50 Scout Tower
105:50 Scout Tower
105:50 Scout Tower
105:51 Scout Tower
105:51 Scout Tower
105:51 Scout Tower
105:53 Guard Tower
106:28 Guard Tower
106:30 Guard Tower
106:33 Scout Tower
106:36 Scout Tower
106:36 Scout Tower
106:37 Scout Tower
106:37 Scout Tower
106:37 Scout Tower
106:40 Scout Tower
106:40 Scout Tower
106:40 Scout Tower
106:41 Scout Tower
106:41 Scout Tower
106:41 Scout Tower
106:42 Scout Tower
106:42 Scout Tower
106:43 Guard Tower
106:51 Guard Tower
106:53 Scout Tower
106:53 Scout Tower
106:53 Scout Tower
106:54 Scout Tower
106:54 Scout Tower
106:54 Scout Tower
107:06 Guard Tower
107:10 Scout Tower
107:10 Scout Tower
107:10 Scout Tower
107:11 Scout Tower
107:11 Scout Tower
107:11 Scout Tower
107:12 Scout Tower
107:12 Scout Tower
107:14 Scout Tower
107:14 Scout Tower
107:15 Scout Tower
107:15 Scout Tower
107:15 Scout Tower
107:16 Scout Tower
107:16 Scout Tower
107:16 Scout Tower
107:16 Scout Tower
107:17 Scout Tower
107:17 Scout Tower
107:19 Guard Tower
107:27 Guard Tower
107:29 Scout Tower
107:30 Scout Tower
107:30 Scout Tower
107:30 Scout Tower
107:30 Scout Tower
107:31 Scout Tower
107:34 Guard Tower
107:36 Scout Tower
107:36 Scout Tower
107:36 Scout Tower
107:37 Scout Tower
107:37 Scout Tower
107:58 Scout Tower
107:58 Scout Tower
107:58 Scout Tower
108:00 Guard Tower
108:11 Guard Tower
108:46 Guard Tower
109:02 Guard Tower
109:03 Scout Tower
109:03 Scout Tower
109:03 Scout Tower
109:04 Scout Tower
109:04 Scout Tower
109:04 Scout Tower
109:04 Scout Tower
109:07 Guard Tower
109:08 Scout Tower
109:08 Scout Tower
109:08 Scout Tower
109:08 Scout Tower
109:09 Scout Tower
109:09 Scout Tower
109:09 Scout Tower
109:09 Scout Tower
109:10 Scout Tower
109:12 Scout Tower
109:12 Scout Tower
109:12 Scout Tower
109:14 Scout Tower
109:15 Scout Tower
109:15 Scout Tower
109:15 Scout Tower
109:17 Guard Tower
109:19 Scout Tower
109:19 Scout Tower
109:19 Scout Tower
109:19 Scout Tower
109:20 Scout Tower
109:20 Scout Tower
109:20 Scout Tower
109:23 Scout Tower
109:23 Scout Tower
109:23 Scout Tower
109:24 Scout Tower
109:24 Scout Tower
109:24 Scout Tower
109:25 Scout Tower
109:25 Scout Tower
109:27 Scout Tower
109:27 Scout Tower
109:28 Scout Tower
109:28 Scout Tower
109:29 Guard Tower
109:32 Scout Tower
109:32 Scout Tower
109:32 Scout Tower
109:32 Scout Tower
109:33 Scout Tower
109:33 Scout Tower
109:43 Guard Tower
109:45 Scout Tower
109:45 Scout Tower
109:45 Scout Tower
109:45 Scout Tower
109:46 Scout Tower
109:46 Scout Tower
109:46 Scout Tower
109:58 Scout Tower
110:04 Guard Tower
110:09 Scout Tower
110:09 Scout Tower
110:10 Scout Tower
110:10 Scout Tower
110:10 Scout Tower
110:10 Scout Tower
110:11 Scout Tower
110:45 Guard Tower
110:47 Guard Tower
110:50 Guard Tower
110:53 Guard Tower
110:56 Scout Tower
110:56 Scout Tower
110:57 Scout Tower
110:57 Scout Tower
110:57 Scout Tower
110:57 Scout Tower
110:59 Guard Tower
111:06 Guard Tower
111:08 Scout Tower
111:08 Scout Tower
111:09 Scout Tower
111:09 Scout Tower
111:09 Scout Tower
111:10 Scout Tower
111:10 Scout Tower
111:13 Scout Tower
111:14 Scout Tower
111:14 Scout Tower
111:14 Scout Tower
111:14 Scout Tower
111:15 Scout Tower
111:17 Guard Tower
111:18 Scout Tower
111:18 Scout Tower
111:18 Scout Tower
111:18 Scout Tower
111:19 Scout Tower
111:19 Scout Tower
111:19 Scout Tower
111:34 Guard Tower
111:35 Scout Tower
111:35 Scout Tower
111:36 Scout Tower
111:36 Scout Tower
111:36 Scout Tower
111:39 Guard Tower
111:40 Scout Tower
111:41 Scout Tower
111:41 Scout Tower
111:41 Scout Tower
111:42 Scout Tower
111:44 Guard Tower
111:46 Scout Tower
111:46 Scout Tower
111:46 Scout Tower
111:47 Scout Tower
111:47 Scout Tower
111:47 Scout Tower
111:48 Scout Tower
111:48 Scout Tower
111:48 Scout Tower
111:48 Scout Tower
111:49 Scout Tower
112:13 Guard Tower
112:26 Guard Tower
112:28 Scout Tower
112:29 Scout Tower
112:29 Scout Tower
112:29 Scout Tower
112:29 Scout Tower
112:30 Scout Tower
112:30 Scout Tower
112:32 Guard Tower
112:35 Scout Tower
112:35 Scout Tower
112:35 Scout Tower
112:36 Scout Tower
112:36 Scout Tower
112:36 Scout Tower
112:37 Scout Tower
112:37 Scout Tower
112:39 Guard Tower
112:41 Guard Tower
112:42 Scout Tower
112:43 Scout Tower
112:43 Scout Tower
112:43 Scout Tower
112:43 Scout Tower
113:05 Guard Tower
113:09 Guard Tower
113:15 Guard Tower
113:23 Guard Tower
113:34 Guard Tower
113:37 Guard Tower
113:42 Scout Tower
113:46 Scout Tower
113:48 Scout Tower
114:00 Scout Tower
114:01 Scout Tower
114:07 Scout Tower
114:07 Scout Tower
114:08 Scout Tower
114:08 Scout Tower
114:09 Guard Tower
114:12 Scout Tower
114:12 Scout Tower
114:13 Scout Tower
114:13 Scout Tower
114:13 Scout Tower
114:13 Scout Tower
114:27 Scout Tower
114:27 Scout Tower
114:27 Scout Tower
114:29 Scout Tower
114:30 Scout Tower
114:30 Scout Tower
114:32 Guard Tower
114:33 Scout Tower
114:33 Scout Tower
114:33 Scout Tower
114:34 Scout Tower
114:36 Scout Tower
114:37 Scout Tower
114:37 Scout Tower
114:51 Scout Tower
114:51 Scout Tower
114:51 Scout Tower
114:51 Scout Tower
114:54 Guard Tower
114:58 Scout Tower
114:59 Scout Tower
114:59 Scout Tower
114:59 Scout Tower
115:01 Guard Tower
115:02 Scout Tower
115:02 Scout Tower
115:03 Scout Tower
115:03 Scout Tower
115:03 Scout Tower
115:13 Guard Tower
115:19 Scout Tower
115:19 Scout Tower
115:19 Scout Tower
115:20 Scout Tower
115:20 Scout Tower
115:23 Scout Tower
115:23 Scout Tower
115:24 Scout Tower
115:26 Scout Tower
115:26 Scout Tower
115:27 Scout Tower
115:27 Scout Tower
115:27 Scout Tower
115:29 Scout Tower
115:29 Scout Tower
115:30 Scout Tower
115:30 Scout Tower
115:30 Scout Tower
115:32 Scout Tower
115:33 Scout Tower
115:33 Scout Tower
115:33 Scout Tower
115:33 Scout Tower
115:39 Guard Tower
115:44 Scout Tower
115:44 Scout Tower
115:44 Scout Tower
115:44 Scout Tower
115:46 Guard Tower
115:48 Scout Tower
115:48 Scout Tower
115:49 Scout Tower
115:49 Scout Tower
115:49 Scout Tower
115:49 Scout Tower
115:50 Scout Tower
115:50 Scout Tower
115:50 Scout Tower
115:50 Scout Tower
115:51 Scout Tower
115:51 Scout Tower
116:03 Guard Tower
116:06 Scout Tower
116:06 Scout Tower
116:06 Scout Tower
116:06 Scout Tower
116:07 Scout Tower
116:07 Scout Tower
116:08 Scout Tower
116:08 Scout Tower
116:08 Scout Tower
116:08 Scout Tower
116:09 Scout Tower
116:11 Scout Tower
116:12 Scout Tower
116:12 Scout Tower
116:12 Scout Tower
116:13 Scout Tower
116:13 Scout Tower
116:22 Guard Tower
116:28 Guard Tower
116:31 Scout Tower
116:31 Scout Tower
116:31 Scout Tower
116:31 Scout Tower
116:32 Scout Tower
116:32 Scout Tower
116:32 Scout Tower
116:35 Guard Tower
117:09 Guard Tower
117:11 Scout Tower
117:11 Scout Tower
117:11 Scout Tower
117:12 Scout Tower
117:14 Guard Tower
117:16 Scout Tower
117:17 Scout Tower
117:17 Scout Tower
117:17 Scout Tower
117:17 Scout Tower
117:18 Scout Tower
117:20 Scout Tower
117:22 Scout Tower
117:22 Scout Tower
117:22 Scout Tower
117:23 Guard Tower
117:27 Scout Tower
117:27 Scout Tower
117:27 Scout Tower
117:28 Scout Tower
117:28 Scout Tower
117:28 Scout Tower
117:34 Guard Tower
117:43 Scout Tower
117:44 Scout Tower
117:44 Scout Tower
117:45 Scout Tower
117:45 Scout Tower
117:45 Scout Tower
117:49 Scout Tower
117:49 Scout Tower
117:49 Scout Tower
117:50 Scout Tower
117:50 Scout Tower
117:50 Scout Tower
117:50 Scout Tower
117:51 Scout Tower
117:53 Guard Tower
117:55 Scout Tower
117:56 Scout Tower
117:56 Scout Tower
118:29 Guard Tower
118:33 Scout Tower
118:33 Scout Tower
118:34 Scout Tower
118:34 Scout Tower
118:34 Scout Tower
118:34 Scout Tower
118:35 Scout Tower
118:35 Scout Tower
118:37 Scout Tower
118:37 Scout Tower
118:37 Scout Tower
118:37 Scout Tower
118:38 Scout Tower
118:38 Scout Tower
118:47 Scout Tower
118:47 Scout Tower
118:47 Scout Tower
118:48 Scout Tower
118:48 Scout Tower
118:52 Guard Tower
118:54 Scout Tower
118:54 Scout Tower
118:54 Scout Tower
118:54 Scout Tower
118:59 Scout Tower
118:59 Scout Tower
118:59 Scout Tower
119:00 Scout Tower
119:00 Scout Tower
119:00 Scout Tower
119:00 Scout Tower
119:01 Scout Tower
119:01 Scout Tower
119:01 Scout Tower
119:01 Scout Tower
119:02 Scout Tower
119:02 Scout Tower
119:02 Scout Tower
119:02 Scout Tower
119:05 Guard Tower
119:06 Scout Tower
119:06 Scout Tower
119:07 Scout Tower
119:07 Scout Tower
119:07 Scout Tower
119:10 Guard Tower
119:13 Scout Tower
119:13 Scout Tower
119:13 Scout Tower
119:13 Scout Tower
119:25 Guard Tower
119:27 Scout Tower
119:27 Scout Tower
119:28 Scout Tower
119:28 Scout Tower
119:29 Scout Tower
119:29 Scout Tower
119:30 Scout Tower
119:30 Scout Tower
119:33 Scout Tower
119:34 Scout Tower
119:34 Scout Tower
119:34 Scout Tower
119:35 Guard Tower
119:59 Guard Tower
120:02 Scout Tower
120:03 Scout Tower
120:03 Scout Tower
120:03 Scout Tower
120:03 Scout Tower
120:04 Scout Tower
120:07 Guard Tower
120:11 Scout Tower
120:11 Scout Tower
120:12 Scout Tower
120:25 Guard Tower
120:26 Scout Tower
120:27 Scout Tower
120:27 Scout Tower
120:27 Scout Tower
120:34 Guard Tower
120:58 Guard Tower
121:02 Scout Tower
121:02 Scout Tower
121:02 Scout Tower
121:03 Scout Tower
121:03 Scout Tower
121:04 Guard Tower
121:08 Scout Tower
121:08 Scout Tower
121:09 Scout Tower
121:15 Guard Tower
121:30 Guard Tower
121:36 Scout Tower
121:37 Scout Tower
121:37 Scout Tower
121:37 Scout Tower
121:37 Scout Tower
121:38 Scout Tower
121:40 Scout Tower
121:41 Scout Tower
121:41 Scout Tower
121:44 Scout Tower
121:45 Scout Tower
121:45 Scout Tower
121:45 Scout Tower
121:47 Scout Tower
121:47 Scout Tower
121:48 Scout Tower
121:48 Scout Tower
121:48 Scout Tower
121:48 Scout Tower
121:49 Scout Tower
121:52 Scout Tower
121:53 Scout Tower
121:53 Scout Tower
121:53 Scout Tower
121:54 Scout Tower
121:54 Scout Tower
121:58 Guard Tower
122:03 Scout Tower
122:03 Scout Tower
122:06 Guard Tower
122:12 Scout Tower
122:12 Scout Tower
122:12 Scout Tower
122:13 Scout Tower
122:13 Scout Tower
122:13 Scout Tower
122:13 Scout Tower
122:14 Scout Tower
122:16 Guard Tower
122:18 Scout Tower
122:18 Scout Tower
122:18 Scout Tower
122:19 Scout Tower
122:21 Guard Tower
122:22 Guard Tower
122:24 Scout Tower
122:24 Scout Tower
122:24 Scout Tower
122:24 Scout Tower
122:29 Scout Tower
122:30 Scout Tower
122:30 Scout Tower
122:30 Scout Tower
122:34 Guard Tower
122:37 Scout Tower
122:38 Scout Tower
122:38 Scout Tower
122:38 Scout Tower
122:39 Scout Tower
122:39 Scout Tower
122:49 Scout Tower
122:49 Scout Tower
122:50 Scout Tower
122:50 Scout Tower
122:50 Scout Tower
122:51 Guard Tower
123:12 Guard Tower
123:15 Scout Tower
123:16 Scout Tower
123:16 Scout Tower
123:16 Scout Tower
123:29 Guard Tower
123:35 Scout Tower
123:36 Scout Tower
123:39 Guard Tower
124:36 Guard Tower
» items
| Ivory Tower | 29 | |
| Scroll of Town Portal | 3 | |
32 total
nutinyomouf.de (
orange | 28 APM | 3540 actions | 125:26)
8 Paladin
3 Holy Light
2 Divine Shield
3 Devotion Aura
» actions
| Assign group hotkey | 32 | |
| Basic commands | 74 | |
| Build / train | 203 | |
| ESC pressed | 13 | |
| Enter build submenu | 163 | |
| Enter hero's abilities submenu | 10 | |
| Give item / drop item | 3 | |
| Right click | 1044 | |
| Select / deselect | 607 | |
| Select group hotkey | 445 | |
| Use ability | 946 | |
3540 total
» units
| Peasant | 20 | |
| Forest Troll Shadow Priest | 1 | |
| Goblin Shredder | 21 | |
42 total
» upgrades
| Masonry | 3 | |
| Lumber Harvesting | 2 | |
| Magic Sentry | 1 | |
6 total
» buildings
| Altar of Kings | 1 | |
| Farm | 11 | |
| Scout Tower | 815 | |
| Lumber Mill | 9 | |
| Arcane Tower | 4 | |
| Guard Tower | 132 | |
| Keep | 1 | |
| Blacksmith | 1 | |
| Arcane Vault | 1 | |
| Castle | 1 | |
| Town Hall | 1 | |
| Arcane Sanctum | 1 | |
| Workshop | 1 | |
979 total
» build order
00:11 Altar of Kings
00:18 Farm
00:21 Scout Tower
00:49 Lumber Mill
00:59 Arcane Tower
01:51 Lumber Mill
01:58 Scout Tower
02:04 Scout Tower
02:09 Farm
02:30 Guard Tower
02:51 Farm
02:52 Farm
02:53 Farm
02:56 Farm
03:00 Guard Tower
03:05 Scout Tower
03:07 Scout Tower
03:08 Scout Tower
03:09 Scout Tower
03:09 Scout Tower
04:13 Guard Tower
04:20 Scout Tower
04:21 Scout Tower
04:24 Scout Tower
04:25 Scout Tower
04:31 Scout Tower
04:32 Scout Tower
04:35 Scout Tower
04:36 Scout Tower
04:59 Guard Tower
05:01 Keep
05:21 Farm
05:22 Farm
05:32 Guard Tower
05:35 Scout Tower
05:37 Scout Tower
06:31 Blacksmith
06:34 Arcane Vault
07:02 Guard Tower
08:05 Guard Tower
08:30 Castle
09:40 Town Hall
10:00 Scout Tower
10:01 Scout Tower
10:02 Scout Tower
10:03 Scout Tower
10:04 Scout Tower
10:05 Scout Tower
10:10 Arcane Sanctum
10:30 Guard Tower
11:28 Guard Tower
11:41 Scout Tower
11:41 Scout Tower
11:43 Scout Tower
11:44 Scout Tower
12:16 Guard Tower
12:23 Scout Tower
12:24 Scout Tower
12:25 Scout Tower
12:26 Scout Tower
12:27 Scout Tower
12:27 Scout Tower
12:29 Scout Tower
12:30 Scout Tower
12:34 Scout Tower
12:34 Scout Tower
12:35 Scout Tower
12:37 Scout Tower
12:38 Scout Tower
12:39 Scout Tower
12:40 Scout Tower
12:41 Scout Tower
13:36 Guard Tower
14:04 Guard Tower
14:32 Guard Tower
14:35 Guard Tower
14:40 Scout Tower
14:41 Scout Tower
14:42 Scout Tower
14:44 Scout Tower
14:45 Scout Tower
14:46 Scout Tower
14:49 Scout Tower
14:50 Scout Tower
14:51 Scout Tower
14:52 Scout Tower
14:54 Scout Tower
14:55 Scout Tower
15:01 Guard Tower
15:28 Scout Tower
15:29 Scout Tower
15:29 Scout Tower
15:31 Scout Tower
15:32 Scout Tower
15:33 Scout Tower
15:34 Scout Tower
15:35 Scout Tower
15:36 Scout Tower
15:36 Scout Tower
15:38 Scout Tower
15:39 Scout Tower
15:42 Scout Tower
15:43 Scout Tower
16:06 Guard Tower
16:07 Guard Tower
17:07 Guard Tower
17:41 Guard Tower
17:55 Scout Tower
17:57 Scout Tower
17:58 Scout Tower
17:59 Scout Tower
20:00 Scout Tower
20:01 Scout Tower
20:02 Scout Tower
20:03 Scout Tower
20:04 Scout Tower
20:05 Scout Tower
20:06 Scout Tower
20:07 Scout Tower
20:08 Scout Tower
20:09 Scout Tower
20:11 Scout Tower
20:11 Scout Tower
21:12 Scout Tower
21:14 Guard Tower
21:40 Guard Tower
22:39 Scout Tower
22:42 Scout Tower
22:46 Scout Tower
22:47 Scout Tower
22:59 Scout Tower
23:00 Scout Tower
23:01 Scout Tower
23:02 Scout Tower
23:03 Scout Tower
23:09 Guard Tower
23:12 Scout Tower
23:13 Scout Tower
23:15 Scout Tower
23:16 Scout Tower
23:18 Scout Tower
23:19 Scout Tower
23:54 Guard Tower
24:10 Guard Tower
24:25 Scout Tower
24:27 Scout Tower
24:28 Scout Tower
24:30 Scout Tower
24:35 Scout Tower
24:36 Scout Tower
24:38 Scout Tower
24:43 Scout Tower
24:44 Scout Tower
24:45 Scout Tower
24:46 Scout Tower
25:08 Guard Tower
25:18 Guard Tower
25:32 Farm
25:36 Guard Tower
26:23 Scout Tower
26:26 Scout Tower
26:28 Guard Tower
26:29 Scout Tower
26:36 Scout Tower
26:38 Scout Tower
26:50 Arcane Tower
26:56 Workshop
26:59 Guard Tower
27:05 Arcane Tower
27:17 Arcane Tower
27:32 Lumber Mill
31:48 Farm
31:50 Scout Tower
31:50 Scout Tower
31:51 Scout Tower
31:52 Scout Tower
31:52 Scout Tower
31:53 Scout Tower
31:54 Scout Tower
31:55 Scout Tower
32:39 Farm
36:46 Lumber Mill
36:56 Guard Tower
37:04 Scout Tower
37:05 Scout Tower
37:07 Scout Tower
37:08 Scout Tower
37:09 Scout Tower
37:14 Scout Tower
37:20 Scout Tower
37:22 Scout Tower
37:27 Scout Tower
37:28 Scout Tower
37:31 Scout Tower
37:32 Scout Tower
37:33 Scout Tower
37:35 Scout Tower
37:36 Scout Tower
37:38 Scout Tower
37:39 Scout Tower
37:41 Scout Tower
37:42 Scout Tower
37:44 Scout Tower
37:45 Scout Tower
37:47 Scout Tower
37:51 Scout Tower
37:55 Scout Tower
37:57 Scout Tower
37:59 Scout Tower
38:00 Scout Tower
38:01 Scout Tower
38:02 Scout Tower
38:03 Scout Tower
38:05 Scout Tower
38:06 Scout Tower
38:08 Scout Tower
38:09 Scout Tower
38:10 Scout Tower
38:12 Scout Tower
38:13 Scout Tower
38:16 Scout Tower
38:20 Scout Tower
38:21 Scout Tower
38:25 Scout Tower
38:40 Scout Tower
38:42 Guard Tower
38:45 Guard Tower
40:19 Guard Tower
40:21 Scout Tower
40:23 Guard Tower
40:30 Guard Tower
40:32 Scout Tower
40:33 Scout Tower
40:36 Scout Tower
40:37 Scout Tower
40:38 Scout Tower
40:40 Scout Tower
40:44 Scout Tower
40:46 Scout Tower
40:47 Scout Tower
40:48 Scout Tower
40:50 Scout Tower
40:51 Scout Tower
40:53 Scout Tower
40:55 Scout Tower
40:56 Scout Tower
40:57 Scout Tower
41:00 Scout Tower
41:00 Scout Tower
41:03 Scout Tower
41:03 Scout Tower
41:05 Scout Tower
41:07 Scout Tower
41:13 Guard Tower
43:44 Guard Tower
43:46 Guard Tower
43:49 Scout Tower
43:50 Scout Tower
43:51 Scout Tower
43:52 Scout Tower
43:53 Scout Tower
43:54 Scout Tower
43:56 Scout Tower
43:57 Scout Tower
43:58 Scout Tower
43:59 Scout Tower
44:00 Scout Tower
44:02 Scout Tower
44:03 Scout Tower
44:04 Scout Tower
44:05 Scout Tower
44:06 Scout Tower
44:08 Scout Tower
44:39 Guard Tower
45:20 Lumber Mill
45:39 Guard Tower
45:44 Scout Tower
45:46 Scout Tower
45:50 Scout Tower
45:53 Scout Tower
45:55 Scout Tower
45:56 Scout Tower
45:58 Scout Tower
45:59 Scout Tower
46:01 Scout Tower
46:03 Scout Tower
46:04 Scout Tower
46:05 Scout Tower
46:07 Scout Tower
46:08 Scout Tower
46:09 Scout Tower
46:49 Guard Tower
46:51 Guard Tower
46:55 Guard Tower
47:05 Guard Tower
47:41 Guard Tower
47:45 Scout Tower
47:46 Scout Tower
47:47 Scout Tower
47:49 Scout Tower
47:50 Scout Tower
47:51 Scout Tower
47:52 Scout Tower
47:53 Scout Tower
47:54 Scout Tower
47:55 Scout Tower
47:56 Scout Tower
47:57 Scout Tower
47:58 Scout Tower
48:00 Scout Tower
48:01 Scout Tower
48:02 Scout Tower
48:03 Scout Tower
48:05 Scout Tower
48:06 Scout Tower
48:08 Scout Tower
48:10 Scout Tower
48:11 Scout Tower
48:14 Guard Tower
48:27 Guard Tower
49:21 Guard Tower
49:24 Scout Tower
49:25 Scout Tower
49:28 Scout Tower
49:29 Scout Tower
49:31 Scout Tower
49:32 Scout Tower
49:33 Scout Tower
49:35 Scout Tower
49:35 Scout Tower
49:36 Scout Tower
50:34 Guard Tower
51:31 Guard Tower
51:49 Scout Tower
51:50 Scout Tower
51:52 Scout Tower
51:53 Scout Tower
51:54 Scout Tower
51:55 Scout Tower
51:57 Scout Tower
51:58 Scout Tower
51:59 Scout Tower
52:33 Guard Tower
52:48 Lumber Mill
53:00 Scout Tower
53:01 Scout Tower
53:02 Scout Tower
53:03 Scout Tower
53:04 Scout Tower
53:06 Scout Tower
53:07 Scout Tower
53:08 Scout Tower
53:09 Scout Tower
53:19 Guard Tower
53:43 Guard Tower
53:45 Scout Tower
53:48 Scout Tower
53:49 Scout Tower
53:52 Scout Tower
53:53 Scout Tower
53:54 Scout Tower
53:55 Scout Tower
53:56 Scout Tower
53:57 Scout Tower
53:59 Scout Tower
54:00 Scout Tower
54:01 Scout Tower
54:02 Scout Tower
54:03 Scout Tower
55:05 Guard Tower
55:08 Scout Tower
55:11 Scout Tower
55:12 Scout Tower
55:14 Scout Tower
55:15 Scout Tower
55:16 Scout Tower
55:17 Scout Tower
55:41 Guard Tower
55:43 Guard Tower
55:55 Scout Tower
55:57 Scout Tower
55:58 Scout Tower
56:00 Scout Tower
56:01 Scout Tower
56:01 Scout Tower
56:03 Scout Tower
56:04 Scout Tower
56:05 Scout Tower
56:06 Scout Tower
56:07 Scout Tower
56:08 Scout Tower
56:13 Scout Tower
56:16 Scout Tower
56:18 Scout Tower
56:20 Scout Tower
56:21 Scout Tower
56:21 Scout Tower
56:23 Scout Tower
56:24 Scout Tower
56:24 Scout Tower
56:25 Scout Tower
56:27 Scout Tower
56:29 Scout Tower
56:30 Scout Tower
56:32 Scout Tower
56:33 Scout Tower
56:35 Scout Tower
56:36 Scout Tower
56:42 Guard Tower
56:52 Lumber Mill
57:08 Guard Tower
57:10 Guard Tower
57:12 Guard Tower
57:40 Guard Tower
58:01 Guard Tower
58:02 Guard Tower
58:09 Guard Tower
58:10 Guard Tower
58:17 Scout Tower
58:18 Scout Tower
58:20 Scout Tower
58:21 Scout Tower
58:26 Scout Tower
58:29 Scout Tower
58:30 Scout Tower
58:31 Scout Tower
58:37 Guard Tower
59:06 Guard Tower
59:14 Guard Tower
59:35 Scout Tower
59:36 Scout Tower
59:38 Scout Tower
59:39 Scout Tower
59:41 Scout Tower
59:42 Scout Tower
59:46 Scout Tower
59:47 Scout Tower
59:48 Scout Tower
59:48 Scout Tower
59:49 Scout Tower
59:51 Scout Tower
59:52 Scout Tower
59:54 Scout Tower
59:55 Scout Tower
59:56 Scout Tower
59:57 Scout Tower
60:20 Guard Tower
61:06 Guard Tower
61:07 Guard Tower
61:13 Guard Tower
61:14 Guard Tower
62:42 Guard Tower
64:51 Scout Tower
64:52 Scout Tower
64:53 Scout Tower
64:54 Scout Tower
64:56 Scout Tower
64:57 Scout Tower
64:58 Scout Tower
64:59 Scout Tower
64:59 Scout Tower
65:01 Scout Tower
65:02 Scout Tower
65:28 Guard Tower
65:30 Guard Tower
65:37 Scout Tower
65:44 Scout Tower
65:45 Scout Tower
65:46 Scout Tower
65:48 Scout Tower
65:49 Scout Tower
65:51 Scout Tower
65:52 Scout Tower
65:53 Scout Tower
65:58 Scout Tower
65:59 Scout Tower
66:00 Scout Tower
66:01 Scout Tower
66:03 Scout Tower
66:14 Guard Tower
67:05 Guard Tower
67:42 Guard Tower
69:47 Scout Tower
69:48 Scout Tower
69:49 Scout Tower
70:39 Guard Tower
70:45 Scout Tower
70:47 Scout Tower
70:48 Scout Tower
70:49 Scout Tower
70:51 Scout Tower
70:52 Scout Tower
70:53 Scout Tower
70:55 Scout Tower
71:37 Guard Tower
72:33 Guard Tower
72:51 Scout Tower
72:52 Scout Tower
72:53 Scout Tower
72:54 Scout Tower
72:56 Scout Tower
72:58 Scout Tower
74:25 Guard Tower
74:28 Scout Tower
74:30 Scout Tower
74:33 Scout Tower
74:36 Scout Tower
74:38 Scout Tower
74:39 Scout Tower
74:40 Scout Tower
74:43 Scout Tower
74:46 Scout Tower
75:01 Guard Tower
75:57 Guard Tower
75:59 Scout Tower
76:11 Scout Tower
76:12 Scout Tower
76:16 Scout Tower
76:21 Scout Tower
76:22 Scout Tower
76:23 Scout Tower
76:25 Scout Tower
76:26 Scout Tower
76:27 Scout Tower
76:29 Scout Tower
76:30 Scout Tower
76:31 Scout Tower
77:20 Guard Tower
77:25 Scout Tower
77:26 Scout Tower
77:28 Scout Tower
77:29 Scout Tower
77:30 Scout Tower
77:40 Scout Tower
77:42 Scout Tower
77:43 Scout Tower
78:07 Guard Tower
78:11 Scout Tower
78:12 Scout Tower
78:13 Scout Tower
78:15 Scout Tower
78:17 Scout Tower
78:18 Scout Tower
78:20 Scout Tower
78:21 Scout Tower
78:22 Scout Tower
78:24 Scout Tower
78:26 Scout Tower
78:27 Scout Tower
78:28 Scout Tower
78:29 Scout Tower
78:31 Scout Tower
78:33 Scout Tower
78:34 Scout Tower
78:36 Scout Tower
78:37 Scout Tower
78:39 Scout Tower
78:46 Guard Tower
79:46 Scout Tower
79:47 Scout Tower
79:48 Scout Tower
79:49 Scout Tower
79:51 Scout Tower
79:52 Scout Tower
79:55 Scout Tower
79:57 Scout Tower
79:59 Scout Tower
80:00 Scout Tower
80:00 Scout Tower
80:02 Scout Tower
80:06 Scout Tower
80:07 Scout Tower
80:08 Scout Tower
80:10 Scout Tower
80:12 Scout Tower
80:13 Scout Tower
80:19 Scout Tower
80:20 Scout Tower
80:22 Scout Tower
80:22 Scout Tower
80:26 Guard Tower
80:28 Guard Tower
82:02 Guard Tower
82:54 Guard Tower
83:09 Scout Tower
83:11 Scout Tower
83:13 Scout Tower
83:15 Scout Tower
83:16 Scout Tower
83:18 Scout Tower
83:19 Scout Tower
83:20 Scout Tower
83:21 Scout Tower
83:22 Scout Tower
83:24 Scout Tower
83:25 Scout Tower
83:27 Scout Tower
83:27 Scout Tower
83:28 Scout Tower
83:29 Scout Tower
83:31 Scout Tower
83:32 Scout Tower
83:32 Scout Tower
83:33 Scout Tower
83:33 Scout Tower
83:34 Scout Tower
84:22 Lumber Mill
84:29 Guard Tower
85:56 Guard Tower
86:25 Guard Tower
86:30 Scout Tower
86:31 Scout Tower
86:32 Scout Tower
86:34 Scout Tower
86:36 Scout Tower
86:38 Scout Tower
86:41 Scout Tower
86:42 Scout Tower
86:43 Scout Tower
86:44 Scout Tower
86:46 Scout Tower
86:46 Scout Tower
86:48 Scout Tower
86:49 Scout Tower
86:51 Scout Tower
86:53 Scout Tower
86:54 Scout Tower
86:56 Scout Tower
86:59 Scout Tower
86:59 Scout Tower
87:01 Scout Tower
87:02 Scout Tower
87:03 Scout Tower
87:04 Scout Tower
87:08 Scout Tower
87:10 Scout Tower
87:11 Scout Tower
87:13 Scout Tower
87:13 Scout Tower
87:14 Scout Tower
87:15 Scout Tower
87:16 Scout Tower
87:18 Scout Tower
87:20 Scout Tower
87:21 Scout Tower
87:23 Scout Tower
87:24 Scout Tower
87:25 Scout Tower
87:27 Scout Tower
87:29 Scout Tower
87:30 Scout Tower
87:31 Scout Tower
87:33 Scout Tower
87:35 Scout Tower
87:41 Scout Tower
87:42 Scout Tower
87:44 Scout Tower
87:46 Scout Tower
87:47 Scout Tower
87:48 Scout Tower
88:11 Lumber Mill
89:11 Guard Tower
89:13 Guard Tower
89:17 Guard Tower
93:08 Guard Tower
93:13 Guard Tower
93:22 Scout Tower
93:24 Scout Tower
93:25 Scout Tower
93:32 Scout Tower
93:33 Scout Tower
93:34 Scout Tower
93:39 Scout Tower
93:40 Scout Tower
93:42 Scout Tower
93:49 Scout Tower
93:50 Scout Tower
93:51 Scout Tower
93:53 Scout Tower
93:54 Scout Tower
93:55 Scout Tower
93:57 Scout Tower
94:02 Scout Tower
94:03 Scout Tower
94:58 Guard Tower
95:01 Guard Tower
95:08 Scout Tower
95:09 Scout Tower
95:10 Scout Tower
95:11 Scout Tower
95:13 Scout Tower
95:14 Scout Tower
95:16 Scout Tower
95:17 Scout Tower
95:20 Scout Tower
95:22 Scout Tower
95:23 Scout Tower
95:24 Scout Tower
95:25 Scout Tower
95:27 Scout Tower
95:29 Scout Tower
95:31 Scout Tower
95:32 Scout Tower
95:35 Scout Tower
95:36 Scout Tower
95:37 Scout Tower
95:37 Scout Tower
95:39 Scout Tower
95:41 Scout Tower
95:42 Scout Tower
95:44 Scout Tower
95:46 Scout Tower
95:46 Scout Tower
95:47 Scout Tower
95:48 Scout Tower
95:50 Scout Tower
95:51 Scout Tower
95:53 Scout Tower
95:54 Scout Tower
95:56 Scout Tower
96:35 Scout Tower
96:36 Scout Tower
96:37 Scout Tower
96:39 Scout Tower
97:52 Guard Tower
99:36 Guard Tower
99:38 Guard Tower
99:41 Guard Tower
99:56 Guard Tower
99:59 Scout Tower
100:01 Scout Tower
101:08 Scout Tower
101:10 Scout Tower
101:11 Scout Tower
101:12 Scout Tower
101:14 Scout Tower
101:15 Scout Tower
101:16 Scout Tower
101:19 Scout Tower
101:20 Scout Tower
101:20 Scout Tower
101:21 Scout Tower
101:22 Scout Tower
101:24 Scout Tower
101:25 Scout Tower
101:26 Scout Tower
101:27 Scout Tower
101:28 Scout Tower
101:29 Scout Tower
101:31 Scout Tower
101:33 Scout Tower
101:34 Scout Tower
101:35 Scout Tower
101:36 Scout Tower
101:40 Scout Tower
101:42 Scout Tower
101:43 Scout Tower
101:43 Scout Tower
101:45 Scout Tower
101:46 Scout Tower
101:47 Scout Tower
101:48 Scout Tower
101:49 Scout Tower
101:51 Scout Tower
102:22 Guard Tower
102:28 Scout Tower
102:29 Scout Tower
102:30 Scout Tower
102:30 Scout Tower
102:33 Scout Tower
102:34 Scout Tower
102:35 Scout Tower
102:36 Scout Tower
102:37 Scout Tower
102:39 Scout Tower
102:40 Scout Tower
102:41 Scout Tower
102:42 Scout Tower
102:43 Scout Tower
102:44 Scout Tower
102:45 Scout Tower
102:47 Scout Tower
102:49 Scout Tower
102:50 Scout Tower
102:50 Scout Tower
102:52 Scout Tower
102:53 Scout Tower
102:55 Scout Tower
102:56 Scout Tower
102:58 Scout Tower
102:59 Scout Tower
103:02 Scout Tower
103:03 Scout Tower
103:06 Scout Tower
103:07 Scout Tower
103:08 Scout Tower
103:11 Scout Tower
103:12 Scout Tower
103:13 Scout Tower
103:14 Scout Tower
103:15 Scout Tower
103:17 Scout Tower
103:18 Scout Tower
103:19 Scout Tower
103:19 Scout Tower
103:21 Scout Tower
103:22 Scout Tower
103:28 Guard Tower
104:47 Guard Tower
104:50 Guard Tower
105:08 Guard Tower
106:15 Guard Tower
106:21 Scout Tower
106:23 Scout Tower
106:28 Scout Tower
106:29 Scout Tower
106:30 Scout Tower
106:31 Scout Tower
106:33 Scout Tower
106:43 Scout Tower
106:44 Scout Tower
106:46 Scout Tower
106:53 Scout Tower
106:54 Scout Tower
106:55 Scout Tower
107:05 Guard Tower
107:08 Scout Tower
107:10 Scout Tower
107:12 Scout Tower
107:14 Scout Tower
107:15 Scout Tower
107:16 Scout Tower
107:17 Scout Tower
107:20 Scout Tower
107:21 Scout Tower
107:22 Scout Tower
107:22 Scout Tower
107:23 Scout Tower
107:24 Scout Tower
107:25 Scout Tower
107:28 Scout Tower
107:29 Scout Tower
107:30 Scout Tower
107:31 Scout Tower
107:32 Scout Tower
107:34 Scout Tower
107:36 Scout Tower
107:37 Scout Tower
107:43 Scout Tower
107:44 Scout Tower
107:45 Scout Tower
107:46 Scout Tower
107:47 Scout Tower
107:48 Scout Tower
107:51 Scout Tower
107:54 Scout Tower
107:55 Scout Tower
107:56 Scout Tower
107:58 Scout Tower
107:59 Scout Tower
108:00 Scout Tower
108:02 Scout Tower
108:22 Guard Tower
108:37 Guard Tower
108:53 Guard Tower
109:01 Guard Tower
109:12 Scout Tower
109:13 Scout Tower
109:16 Scout Tower
109:17 Scout Tower
109:18 Scout Tower
109:22 Scout Tower
109:22 Scout Tower
109:26 Guard Tower
109:54 Guard Tower
110:16 Guard Tower
110:31 Guard Tower
110:36 Scout Tower
110:37 Scout Tower
110:38 Scout Tower
110:39 Scout Tower
110:41 Scout Tower
110:42 Scout Tower
110:44 Scout Tower
110:45 Scout Tower
110:46 Scout Tower
110:47 Scout Tower
110:48 Scout Tower
110:49 Scout Tower
110:50 Scout Tower
110:51 Scout Tower
110:53 Scout Tower
110:54 Scout Tower
110:55 Scout Tower
110:56 Scout Tower
110:57 Scout Tower
110:58 Scout Tower
111:01 Scout Tower
111:03 Scout Tower
111:04 Scout Tower
111:07 Scout Tower
111:09 Scout Tower
111:11 Scout Tower
111:13 Scout Tower
111:13 Scout Tower
111:15 Scout Tower
111:16 Scout Tower
111:18 Scout Tower
111:19 Scout Tower
111:20 Scout Tower
111:23 Scout Tower
111:24 Scout Tower
111:26 Scout Tower
111:27 Scout Tower
111:32 Scout Tower
111:35 Scout Tower
111:36 Scout Tower
111:37 Scout Tower
111:38 Scout Tower
111:39 Scout Tower
111:41 Scout Tower
111:41 Scout Tower
111:42 Scout Tower
111:43 Scout Tower
111:46 Scout Tower
111:48 Scout Tower
111:49 Scout Tower
111:50 Scout Tower
111:51 Scout Tower
111:53 Scout Tower
111:54 Scout Tower
111:55 Scout Tower
111:56 Scout Tower
111:57 Scout Tower
111:58 Scout Tower
112:01 Scout Tower
112:08 Guard Tower
112:20 Scout Tower
112:23 Scout Tower
113:16 Scout Tower
113:17 Scout Tower
113:25 Guard Tower
113:29 Scout Tower
113:32 Scout Tower
113:33 Scout Tower
113:41 Scout Tower
113:42 Scout Tower
113:46 Scout Tower
113:47 Scout Tower
113:51 Scout Tower
113:52 Scout Tower
113:53 Scout Tower
113:54 Scout Tower
113:55 Scout Tower
113:57 Scout Tower
113:58 Scout Tower
113:59 Scout Tower
114:02 Scout Tower
114:03 Scout Tower
114:06 Scout Tower
114:07 Scout Tower
114:08 Scout Tower
114:09 Scout Tower
114:19 Guard Tower
115:39 Guard Tower
116:03 Guard Tower
118:04 Guard Tower
118:20 Guard Tower
119:13 Guard Tower
120:25 Scout Tower
120:26 Scout Tower
120:28 Scout Tower
120:31 Scout Tower
120:32 Scout Tower
120:33 Scout Tower
120:36 Scout Tower
120:37 Scout Tower
121:27 Guard Tower
123:27 Guard Tower
» items
| Wand of the Wind | 1 | |
| Runed Bracers | 1 | |
| Ankh of Reincarnation | 1 | |
| Stone Token | 1 | |
| Potion of Restoration | 1 | |
| Scroll of Restoration | 1 | |
| Scroll of Town Portal | 2 | |
8 total
team 2 (loser)
Chaos-Schaf (
teal | 18 APM | 1677 actions | 94:36)
8 Blademaster
3 Wind Walk
3 Critical Strike
1 Bladestorm
1 Mirror Image
» actions
| Basic commands | 10 | |
| Build / train | 169 | |
| Enter build submenu | 36 | |
| Enter hero's abilities submenu | 9 | |
| Remove unit from queue | 8 | |
| Right click | 755 | |
| Select / deselect | 577 | |
| Use ability | 113 | |
1677 total
» units
| Peon | 7 | |
| Troll Headhunter/Berserker | 40 | |
| Goblin Shredder | 1 | |
| Goblin Zeppelin | 1 | |
| Shaman | 13 | |
| Demolisher | 40 | |
| Troll Batrider | 25 | |
127 total
» upgrades
| Ranged Weapons | 3 | |
| Troll Regeneration | 1 | |
| Berserker Upgrade | 1 | |
| Spiked Barricades | 3 | |
| Armor | 3 | |
| Shaman Training | 2 | |
| Burning Oil | 1 | |
| Reinforced Defenses | 1 | |
| Liquid Fire | 1 | |
16 total
» buildings
| Altar of Storms | 1 | |
| Orc Burrow | 11 | |
| Barracks | 2 | |
| War Mill | 1 | |
| Voodoo Lounge | 1 | |
| Stronghold | 1 | |
| Fortress | 1 | |
| Watch Tower | 11 | |
| Great Hall | 1 | |
| Spirit Lodge | 1 | |
| Beastiary | 2 | |
33 total
» build order
00:10 Altar of Storms
00:12 Orc Burrow
00:43 Barracks
01:15 War Mill
01:48 Voodoo Lounge
03:42 Orc Burrow
04:35 Stronghold
06:21 Orc Burrow
06:58 Fortress
15:52 Orc Burrow
15:59 Orc Burrow
17:14 Watch Tower
17:19 Watch Tower
17:55 Watch Tower
18:26 Watch Tower
18:39 Watch Tower
19:36 Watch Tower
20:01 Watch Tower
20:52 Watch Tower
23:34 Great Hall
23:38 Barracks
24:07 Orc Burrow
24:15 Orc Burrow
25:17 Orc Burrow
25:30 Orc Burrow
27:06 Spirit Lodge
41:27 Orc Burrow
48:39 Watch Tower
50:11 Watch Tower
58:00 Watch Tower
61:33 Orc Burrow
76:48 Beastiary
79:19 Beastiary
» items
| Scroll of Regeneration | 1 | |
| Orb of Lightning | 1 | |
| Ankh of Reincarnation | 2 | |
| Scroll of Town Portal | 1 | |
| Orb of Venom | 1 | |
6 total
jonatanfin (
green | 34 APM | 3596 actions | 105:18)
7 Demon Hunter
3 Mana Burn
3 Immolation
1 Metamorphosis
1 Death Knight
1 Death Coil
» actions
| Assign group hotkey | 102 | |
| Basic commands | 205 | |
| Build / train | 203 | |
| Enter build submenu | 13 | |
| Enter hero's abilities submenu | 8 | |
| Remove unit from queue | 17 | |
| Right click | 1694 | |
| Select / deselect | 574 | |
| Select group hotkey | 663 | |
| Use ability | 117 | |
3596 total
» units
| Wisp | 12 | |
| Archer | 12 | |
| Huntress | 8 | |
| Druid of the Claw | 20 | |
| Hippogryph | 8 | |
| Faerie Dragon | 9 | |
| Chimaera | 41 | |
| Glaive Thrower | 4 | |
| Acolyte | 1 | |
| Mountain Giant | 20 | |
135 total
» upgrades
| Strength of the Moon | 3 | |
| Moon Armor | 5 | |
| Strength of the Wild | 3 | |
| Reinforced Hides | 4 | |
| Ultravision | 1 | |
| Improved Bows | 1 | |
| Sentinel | 1 | |
| Druid of the Claw Training | 2 | |
| Well Spring | 1 | |
| Marksmanship | 1 | |
| Upgrade Moon Glaive | 1 | |
| Hippogryph Taming | 1 | |
| Mark of the Claw | 1 | |
| Corrosive Breath | 1 | |
| Creature Attack | 1 | |
| Vorpal Blades | 1 | |
| Hardened Skin | 1 | |
| Resistant Skin | 1 | |
30 total
» buildings
| Moon Well | 9 | |
| Altar of Elders | 1 | |
| Ancient of War | 1 | |
| Hunter's Hall | 1 | |
| Tree of Ages | 1 | |
| Ancient of Lore | 1 | |
| Tree of Eternity | 1 | |
| Ancient of Wind | 1 | |
| Ancient of Wonders | 1 | |
| Chimaera Roost | 1 | |
| Ziggurat | 7 | |
| Spirit Tower | 1 | |
26 total
» build order
00:06 Moon Well
00:10 Altar of Elders
00:36 Ancient of War
02:12 Hunter's Hall
03:34 Moon Well
03:36 Moon Well
03:37 Moon Well
06:49 Tree of Ages
09:52 Ancient of Lore
16:03 Moon Well
16:04 Moon Well
16:08 Moon Well
16:09 Moon Well
16:58 Tree of Eternity
20:49 Ancient of Wind
24:48 Ancient of Wonders
25:02 Moon Well
36:54 Chimaera Roost
66:09 Ziggurat
66:11 Ziggurat
66:12 Ziggurat
66:14 Ziggurat
66:16 Ziggurat
66:20 Ziggurat
66:21 Ziggurat
68:12 Spirit Tower
» items
| Scroll of Town Portal | 3 | |
| Orb of Venom | 1 | |
4 total
ToDieIs[A]Game (
pink | 41 APM | 304 actions | 07:29)
1 Death Knight
1 Death Coil
» actions
| Build / train | 25 | |
| Enter build submenu | 11 | |
| Enter hero's abilities submenu | 1 | |
| Remove unit from queue | 2 | |
| Right click | 125 | |
| Select / deselect | 128 | |
| Use ability | 12 | |
304 total
» units
| Acolyte | 6 | |
| Ghoul | 2 | |
| Crypt Fiend | 9 | |
17 total
» buildings
| Altar of Darkness | 1 | |
| Ziggurat | 3 | |
| Crypt | 1 | |
| Graveyard | 1 | |
| Nerubian Tower | 1 | |
| Spirit Tower | 2 | |
| Halls of the Dead | 1 | |
| Tomb of Relics | 1 | |
11 total
» build order
00:11 Altar of Darkness
00:17 Ziggurat
00:22 Crypt
01:12 Ziggurat
01:35 Graveyard
02:34 Nerubian Tower
03:09 Spirit Tower
04:17 Halls of the Dead
04:24 Ziggurat
05:24 Halls of the Dead
06:03 Spirit Tower
06:11 Tomb of Relics
Tweedman (
purple | 53 APM | 6654 actions | 125:22)
9 Paladin
3 Holy Light
2 Devotion Aura
3 Divine Shield
1 Resurrection
6 Death Knight
3 Unholy Aura
1 Animate Dead
1 Death Coil
1 Death Pact
5 Archmage
3 Blizzard
2 Brilliance Aura
4 Blood Mage
1 Banish
2 Flame Strike
1 Siphon Mana
3 Far Seer
1 Chain Lighting
2 Far Sight
1 Blademaster
1 Mirror Image
1 Demon Hunter
1 Evasion
» actions
| Assign group hotkey | 4 | |
| Basic commands | 71 | |
| Build / train | 465 | |
| Enter build submenu | 104 | |
| Enter hero's abilities submenu | 29 | |
| Give item / drop item | 8 | |
| Remove unit from queue | 16 | |
| Right click | 3944 | |
| Select / deselect | 1619 | |
| Select group hotkey | 22 | |
| Use ability | 372 | |
6654 total
» units
| Peasant | 35 | |
| Footman | 4 | |
| Rifleman | 6 | |
| Crypt Fiend | 1 | |
| Ghoul | 3 | |
| Gryphon Rider | 15 | |
| Abomination | 24 | |
| Goblin Zeppelin | 6 | |
| Meatwagon | 4 | |
| Mortar Team | 53 | |
| Dragonhawk Rider | 12 | |
| Siege Engine | 23 | |
| Acolyte | 4 | |
| Flying Machine | -4 | |
| Frost Wyrm | 28 | |
| Goblin Shredder | 1 | |
| Goblin Sapper | 5 | |
| Knight | 18 | |
| Mountain Giant | 26 | |
| Tauren | 13 | |
| Shaman | 2 | |
279 total
» upgrades
| Web | 1 | |
| Long Rifles | 1 | |
| Lumber Harvesting | 2 | |
| Swords | 3 | |
| Plating | 3 | |
| Disease Cloud | 1 | |
| Storm Hammers | 1 | |
| Armor | 3 | |
| Unholy Strength | 3 | |
| Unholy Armor | 3 | |
| Masonry | 3 | |
| Burrow | 1 | |
| Backpack | 2 | |
| Cloud | 1 | |
| Fragmentation Shards | 1 | |
| Gunpowder | 3 | |
| Flare | 1 | |
| Barrage | 1 | |
| Creature Attack | 2 | |
| Creature Carapace | 3 | |
| Magic Sentry | 1 | |
| Control Magic | 1 | |
| Freezing Breath | 1 | |
| Animal War Training | 1 | |
| Pulverize | 1 | |
| Melee Weapons | 2 | |
46 total
» buildings
| Altar of Kings | 3 | |
| Farm | 17 | |
| Barracks | 1 | |
| Lumber Mill | 2 | |
| Arcane Vault | 3 | |
| Scout Tower | 31 | |
| Blacksmith | 1 | |
| Guard Tower | 21 | |
| Keep | 1 | |
| Black Citadel | 1 | |
| Castle | 1 | |
| Gryphon Aviary | 2 | |
| Ziggurat | 14 | |
| Slaughterhouse | 2 | |
| Nerubian Tower | 2 | |
| Spirit Tower | 4 | |
| Town Hall | 2 | |
| Arcane Tower | 8 | |
| Workshop | 3 | |
| Sacrificial Pit | 1 | |
| Temple of the Damned | 1 | |
| Arcane Sanctum | 1 | |
| Cannon Tower | 5 | |
| Boneyard | 4 | |
| Watch Tower | 1 | |
| Ancient of Lore | 4 | |
| War Mill | 1 | |
| Tauren Totem | 4 | |
| Spirit Lodge | 1 | |
| Orc Burrow | 9 | |
151 total
» build order
00:09 Altar of Kings
00:12 Farm
00:19 Barracks
01:06 Lumber Mill
01:31 Farm
01:50 Arcane Vault
02:12 Farm
02:54 Scout Tower
02:57 Blacksmith
03:36 Guard Tower
03:38 Scout Tower
05:01 Guard Tower
06:13 Keep
06:52 Farm
07:00 Scout Tower
08:00 Farm
08:02 Guard Tower
08:04 Black Citadel
08:40 Castle
08:51 Gryphon Aviary
09:02 Gryphon Aviary
09:24 Ziggurat
09:27 Ziggurat
09:30 Ziggurat
09:36 Slaughterhouse
09:49 Slaughterhouse
10:34 Nerubian Tower
10:38 Spirit Tower
11:23 Farm
11:31 Farm
12:35 Farm
13:18 Farm
13:59 Farm
14:40 Farm
15:27 Farm
16:10 Farm
17:16 Ziggurat
17:20 Ziggurat
17:26 Ziggurat
18:32 Farm
22:30 Town Hall
23:37 Farm
26:37 Spirit Tower
26:39 Spirit Tower
26:41 Spirit Tower
26:50 Nerubian Tower
29:33 Arcane Tower
29:42 Arcane Tower
29:59 Arcane Tower
31:16 Workshop
31:56 Workshop
44:32 Scout Tower
45:28 Scout Tower
45:29 Scout Tower
45:30 Scout Tower
45:31 Scout Tower
45:32 Scout Tower
45:34 Scout Tower
45:35 Scout Tower
45:35 Scout Tower
45:36 Scout Tower
46:21 Sacrificial Pit
46:24 Temple of the Damned
46:45 Guard Tower
46:47 Guard Tower
46:48 Guard Tower
46:49 Guard Tower
46:53 Arcane Sanctum
47:16 Guard Tower
48:21 Guard Tower
48:23 Guard Tower
48:39 Scout Tower
48:42 Scout Tower
48:45 Scout Tower
48:49 Scout Tower
48:52 Scout Tower
49:14 Guard Tower
49:15 Guard Tower
49:15 Guard Tower
49:17 Guard Tower
49:18 Guard Tower
49:23 Scout Tower
49:29 Guard Tower
49:31 Scout Tower
49:37 Scout Tower
49:44 Guard Tower
49:46 Guard Tower
49:47 Guard Tower
49:51 Arcane Tower
49:52 Arcane Tower
49:55 Scout Tower
49:58 Scout Tower
50:08 Guard Tower
50:13 Scout Tower
50:25 Scout Tower
52:17 Guard Tower
52:20 Cannon Tower
52:22 Arcane Tower
52:23 Cannon Tower
52:24 Cannon Tower
56:49 Workshop
66:04 Altar of Kings
66:08 Farm
66:12 Farm
66:23 Boneyard
66:28 Boneyard
67:21 Boneyard
67:29 Boneyard
69:39 Town Hall
72:30 Scout Tower
72:58 Cannon Tower
73:50 Scout Tower
73:52 Scout Tower
74:45 Lumber Mill
74:58 Scout Tower
77:52 Ziggurat
77:55 Ziggurat
77:57 Ziggurat
77:59 Ziggurat
78:02 Ziggurat
78:03 Ziggurat
78:09 Ziggurat
78:25 Cannon Tower
80:31 Arcane Vault
80:37 Arcane Vault
80:41 Scout Tower
80:47 Scout Tower
81:18 Arcane Tower
81:20 Arcane Tower
82:36 Arcane Tower
82:37 Arcane Tower
82:38 Arcane Tower
93:28 Altar of Kings
102:17 Watch Tower
109:38 Ancient of Lore
109:50 War Mill
111:21 Tauren Totem
111:24 Tauren Totem
111:27 Tauren Totem
111:52 Ancient of Lore
111:56 Ancient of Lore
112:00 Ancient of Lore
112:06 Spirit Lodge
112:53 Tauren Totem
114:34 Orc Burrow
114:37 Orc Burrow
114:41 Orc Burrow
114:43 Orc Burrow
115:26 Ziggurat
115:39 Orc Burrow
115:43 Orc Burrow
116:34 Orc Burrow
116:48 Orc Burrow
116:51 Orc Burrow
» items
| Lesser Clarity Potion | 3 | |
| Orb of Fire | 2 | |
| Potion of Healing | 12 | |
| Potion of Mana | 6 | |
| Ivory Tower | 8 | |
| Scroll of Regeneration | 5 | |
| Scroll of Town Portal | 1 | |
| Mechanical Critter | 2 | |
| Ankh of Reincarnation | 1 | |
| Scroll of Animate Dead | 1 | |
41 total
Chat log
(00:07 / Allies) NeedsTowers: a perfect storm?
(00:10 / Allies) 13linn: norfriend is living up to its name
(00:23 / Allies) NeedsTowers: too bad they have racial unity
(00:36 / Allies) 13linn: strength through towers
(00:38 / Allies) KingOfTowers: couldn't find dl link to supcom
(00:53 / Allies) NeedsTowers: a o e ing
(00:59 / Allies) 13linn: join tha club bro
(01:06 / Allies) KingOfTowers: getting b@alar
(01:16 / Allies) KingOfTowers: b&alar
(01:18 / Allies) KingOfTowers: i mean lol.
(01:22 / Allies) nutinyomouf.de: lol.
(01:23 / Allies) KingOfTowers: batalar makes no sense
(01:32 / Allies) KingOfTowers: we do need b@s
(01:33 / Allies) NeedsTowers: b%alar
(01:51 / Allies) KingOfTowers: b$alar
(01:53 / Allies) KingOfTowers: BUSH
(01:56 / Allies) NeedsTowers: can a nigger get wood
(02:04 / Allies) KingOfTowers: just ask tims momma
(02:15 / Allies) nutinyomouf.de: wut
(02:17 / Allies) KingOfTowers: she can do a nigger good i hear
(02:20 / Allies) nutinyomouf.de: who cant
(02:36 / Allies) nutinyomouf.de: coming to fundead
(02:52 / Allies) KingOfTowers: Racially Confused Nuke
(03:08 / Allies) 13linn: my base is a tactical stronghold
(03:19 / Allies) nutinyomouf.de: my base is yo momma
(03:20 / Allies) KingOfTowers: your face
(03:24 / Allies) nutinyomouf.de: loose&sloppy
(03:29 / Allies) KingOfTowers: woah
(03:32 / Allies) KingOfTowers: owned
(03:52 / Allies) NeedsTowers: owned
(03:57 / Allies) nutinyomouf.de: nice
(04:07 / Allies) KingOfTowers: goddamned bladem
(04:09 / All) NeedsTowers: MANATH KNOWS NO FEAR
(04:13 / Allies) NeedsTowers: got all of them
(04:19 / All) Tweedman: well he recently died lol
(04:25 / Allies) KingOfTowers: lmao
(04:26 / All) NeedsTowers: shutup eurofag
(04:36 / Allies) KingOfTowers: La Rodar
(04:45 / Allies) KingOfTowers: dats me! lol
(04:58 / Allies) NeedsTowers: again?
(05:02 / Allies) nutinyomouf.de: wood plz
(05:12 / Allies) 13linn: i take it I gotta get batz?
(05:13 / Allies) nutinyomouf.de: also make a shop for mana potion
(05:15 / Allies) nutinyomouf.de: yes
(05:19 / Allies) 13linn: mad batz or just a number of bats?
(05:32 / Allies) 13linn: yozshura imo
(05:35 / Allies) 13linn: nice steal
(05:36 / Allies) NeedsTowers: last hitted
(05:45 / Allies) NeedsTowers: thanks for item
(05:52 / Allies) NeedsTowers: here blinn
(05:55 / Allies) 13linn: gg
(05:57 / Allies) KingOfTowers: this is ownage
(06:09 / Allies) NeedsTowers: ownage dot dcome
(06:33 / Allies) NeedsTowers: hang out with me for mana
(06:35 / Allies) 13linn: how many stearies mata? 4 enough?
(06:41 / Allies) KingOfTowers: on one mine
(06:44 / Allies) KingOfTowers: you won't be able to run 4
(06:47 / Allies) nutinyomouf.de: lets go
(06:54 / Allies) 13linn: i will get a second mine
(06:56 / Allies) 13linn: momentarily
(07:05 / Allies) nutinyomouf.de: this almost rdy
(07:05 / Allies) 13linn: well ok maybe in a little while
(07:09 / Allies) KingOfTowers: after this harass i gotta C my expo
(07:18 / Allies) KingOfTowers: he has a ww
(07:20 / Allies) nutinyomouf.de: no tp
(07:20 / Allies) KingOfTowers: yeaop
(07:27 / Allies) KingOfTowers: archlers
(07:29 / Allies) nutinyomouf.de: drop
(07:39 / Allies) NeedsTowers: ridin to freedom
(07:45 / Allies) nutinyomouf.de: maybe ride to me and i heal
(07:47 / Allies) nutinyomouf.de: instead of away
(07:49 / Allies) NeedsTowers: wood me sir
(08:00 / Allies) nutinyomouf.de: meet u at rondezvous point
(08:17 / Allies) KingOfTowers: don't need heals or nuffin
(08:19 / Allies) KingOfTowers: gonna c my expo
(08:25 / Allies) nutinyomouf.de: c mine then ures
(08:27 / Allies) NeedsTowers: i would like a mine
(08:39 / Allies) KingOfTowers: that 1 will be open
(08:41 / Allies) NeedsTowers: k
(08:59 / Allies) KingOfTowers: be are tea
(09:03 / Allies) 13linn: wait for a nig qui sappelle blinn
(09:12 / Allies) 13linn: xp wasted
(09:19 / Allies) nutinyomouf.de: stuff it noob
(09:25 / Allies) KingOfTowers: ownage
(09:25 / Allies) KingOfTowers: in
(09:26 / Allies) KingOfTowers: 3
(09:28 / Allies) NeedsTowers: haha
(09:37 / Allies) KingOfTowers: res it lazybones
(09:38 / Allies) KingOfTowers: it's level 1
(09:49 / Allies) KingOfTowers: unlike my kotg
(10:15 / Allies) 13linn: pick you up and take you awaaaay
(10:27 / Allies) KingOfTowers: g0
(10:33 / Allies) nutinyomouf.de: wood
(11:14 / Allies) 13linn: haha if that shockwave
(11:15 / Allies) 13linn: had killed
(11:30 / Allies) nutinyomouf.de: wood
(11:36 / Allies) 13linn: i just gave you like two secs ago
(11:52 / Allies) NeedsTowers: taking one
(11:56 / Allies) NeedsTowers: eat through second and take that?
(11:56 / Allies) KingOfTowers: top 1
(11:58 / Allies) KingOfTowers: then tower mid
(11:58 / Allies) NeedsTowers: i take first?
(11:59 / Allies) KingOfTowers: yea
(12:02 / Allies) KingOfTowers: okay w/evs
(12:50 / Allies) nutinyomouf.de: blinn more tower
(12:54 / Allies) 13linn: where ping
(12:59 / Allies) 13linn: and i will make it so
(13:08 / Allies) 13linn: oh
(13:11 / Allies) nutinyomouf.de: sydongs
(13:16 / Allies) NeedsTowers: waght
(13:18 / Allies) nutinyomouf.de: lets make one big base o
(13:19 / Allies) NeedsTowers: k
(13:19 / Allies) nutinyomouf.de: k
(13:24 / Allies) KingOfTowers: done. lol.
(13:46 / Allies) 13linn: whoah
(13:48 / Allies) 13linn: warn a brutha
(13:52 / Allies) 13linn: (warner brother)
(14:15 / Allies) KingOfTowers: good 1t3ms
(14:19 / Allies) nutinyomouf.de: u tak e1
(14:42 / Allies) NeedsTowers: wood
(14:53 / Allies) KingOfTowers: haveth we aa?
(15:02 / Allies) NeedsTowers: wood me swede
(15:05 / Allies) 13linn: i am at 50 bats
(15:09 / Allies) nutinyomouf.de: im makin towers no unti
(15:10 / Allies) NeedsTowers: aboms
(15:11 / Allies) 13linn: will expo and when they push go up to 80
(15:16 / Allies) 13linn: fuckedy doo
(15:25 / Allies) KingOfTowers: i'm getting aows
(15:26 / Allies) KingOfTowers: for anti ground
(16:08 / Allies) nutinyomouf.de: wood
(16:18 / Allies) nutinyomouf.de: 2 feets
(16:23 / Allies) KingOfTowers: i tped, dropping a fernal now
(16:44 / Allies) KingOfTowers: tangled the ladin
(16:45 / Allies) nutinyomouf.de: trying to run with immo
(16:52 / Allies) KingOfTowers: kotg is faster
(16:56 / Allies) KingOfTowers: got im
(17:10 / Allies) nutinyomouf.de: wood me
(17:11 / Allies) nutinyomouf.de: please
(17:19 / Allies) NeedsTowers: me as well
(17:37 / Allies) NeedsTowers: bearss
(18:16 / Allies) 13linn: mata creepen like a pro
(18:27 / Allies) 13linn: because: tranquility owns?
(18:43 / Allies) nutinyomouf.de: inf
(18:44 / Allies) NeedsTowers: cannon towers are fun
(18:48 / All) jonatanfin: yy
(18:56 / All) NeedsTowers: z
(19:02 / Allies) KingOfTowers: the forests live
(19:02 / Allies) 13linn: mata did you buy that mana stone
(19:05 / Allies) 13linn: or did i buy it on you?
(19:05 / Allies) KingOfTowers: yeop
(19:10 / Allies) KingOfTowers: oh give me back
(19:13 / Allies) 13linn: soz must have been a synchronised click
(19:16 / Allies) NeedsTowers: wood plz
(19:16 / Allies) 13linn: soz bro
(19:34 / Allies) NeedsTowers: ty
(20:00 / Allies) NeedsTowers: colonizing the middle
(20:02 / Allies) KingOfTowers: when larodar hits level 5 i'm gonna harass their forests
(20:11 / Allies) KingOfTowers: i help creep
(20:15 / Allies) 13linn: im comin also
(20:17 / Allies) 13linn: should I bat or save?
(20:24 / Allies) KingOfTowers: we can creep this fine
(20:26 / Allies) 13linn: they probably have towers
(20:27 / Allies) KingOfTowers: aows are imba
(20:32 / Allies) KingOfTowers: oh offensive bats
(20:37 / Allies) nutinyomouf.de: rock golem awesome to creep wif
(20:57 / Allies) 13linn: treant surround
(21:13 / Allies) KingOfTowers: ty
(21:15 / Allies) KingOfTowers: for that pull
(21:26 / Allies) NeedsTowers: dibs
(21:36 / Allies) 13linn: mata can i have a lil wood?
(21:46 / Allies) KingOfTowers: can't see a nigga is busy
(21:57 / Allies) 13linn: just whenever you get tha chance
(22:05 / Allies) 13linn: also is somebody going to doublemine mid?
(22:11 / Allies) NeedsTowers: i will
(22:12 / Allies) NeedsTowers: if youw ant
(22:16 / Allies) KingOfTowers: i'll help clear trees for a while
(22:53 / Allies) KingOfTowers: aight gotta run, oodles
(23:18 / Allies) 13linn: mata pull back at 5?
(23:31 / Allies) KingOfTowers: if you vultures ever let me get 5
(23:34 / Allies) 13linn: would appreciate it much
(23:35 / Allies) nutinyomouf.de: making a highway
(23:38 / Allies) nutinyomouf.de: this is my roundabout
(23:43 / Allies) nutinyomouf.de: u should no about thos Blinn.
(23:51 / Allies) 13linn: did you just make a gay joke
(23:59 / Allies) nutinyomouf.de: dont they have those in eng
(24:02 / Allies) KingOfTowers: i think a eu driving joke
(24:02 / Allies) 13linn: ?
(24:04 / Allies) nutinyomouf.de: or w/e they called
(24:06 / Allies) KingOfTowers: gl, i'm done
(24:10 / Allies) KingOfTowers: use my aow if want
(24:18 / Allies) NeedsTowers: wood plz
(24:27 / Allies) KingOfTowers: belt str
(24:30 / Allies) KingOfTowers: strbelt
(24:51 / Allies) NeedsTowers: woo dme
(24:58 / Allies) NeedsTowers: a
(25:00 / Allies) nutinyomouf.de: vroooom
(25:01 / Allies) nutinyomouf.de: lol
(25:18 / Allies) 13linn: consider that strbelt mine
(25:24 / Allies) KingOfTowers: if still there
(25:34 / Allies) 13linn: stealth panda time
(25:46 / Allies) nutinyomouf.de: need some forest demolition teams
(25:52 / Allies) KingOfTowers: it's time for ownage
(26:00 / Allies) nutinyomouf.de: getting in way of I-69/420
(26:03 / Allies) KingOfTowers: oh god
(26:04 / Allies) KingOfTowers: damn
(26:05 / Allies) KingOfTowers: too thin
(26:10 / Allies) 13linn: venture discovered
(26:21 / Allies) KingOfTowers: hehe i got owned
(26:22 / Allies) KingOfTowers: yeah
(26:26 / Allies) KingOfTowers: cut the trees too thin
(26:42 / Allies) 13linn: i got a lot of stearies
(26:47 / Allies) 13linn: so if bats are needed i'm covered (but need wood)
(26:55 / Allies) KingOfTowers: get trusight sy
(27:01 / Allies) NeedsTowers: k
(27:14 / Allies) KingOfTowers: gryphons & shit
(27:20 / Allies) 13linn: mobilizin bats
(27:39 / Allies) NeedsTowers: i wish ou could just zone tower
(27:40 / Allies) KingOfTowers: don't dide
(27:41 / Allies) KingOfTowers: die
(27:41 / Allies) NeedsTowers: like sim city
(27:42 / Allies) KingOfTowers: to the web
(27:45 / Allies) KingOfTowers: hehe
(27:51 / Allies) nutinyomouf.de: yo if u need a forest gone call Big Tim's Deforesting Crew.
(27:53 / Allies) KingOfTowers: my aows will be anti fiend i guess
(28:02 / Allies) KingOfTowers: yo deforest their forests okay
(28:06 / Allies) 13linn: timothy's gas trucks, when you need nothing but quality
(28:08 / Allies) KingOfTowers: i know i yam
(28:13 / Allies) NeedsTowers: wood plz
(28:13 / Allies) 13linn: ps
(28:14 / Allies) KingOfTowers: one swath at a time
(28:15 / Allies) 13linn: lightning orbs
(28:17 / Allies) 13linn: up for grabs
(28:22 / Allies) nutinyomouf.de: im deforesting mad forst in this area to make room for super highway
(28:30 / Allies) nutinyomouf.de: a ..... information super highway if u will..
(28:39 / Allies) NeedsTowers: wood me massively
(28:40 / Allies) KingOfTowers: can i get some aa
(28:44 / Allies) KingOfTowers: this is killin me
(28:49 / Allies) 13linn: well
(28:52 / Allies) 13linn: my bats are your bats
(29:00 / Allies) KingOfTowers: OKAY BRINGING THEM ALONG next forest mission
(29:02 / Allies) NeedsTowers: need 6k lumber
(29:11 / Allies) 13linn: you control i will blame yo if they die
(29:14 / Allies) NeedsTowers: ty
(29:15 / Allies) KingOfTowers: did you just look at my lumber
(29:18 / Allies) KingOfTowers: and say you needed it
(29:21 / Allies) NeedsTowers: yes
(29:30 / Allies) KingOfTowers: building some wells topside
(29:40 / Allies) NeedsTowers: enemy spotted
(29:41 / Allies) KingOfTowers: the commute is terrible for la rodar
(29:45 / Allies) 13linn: oh they're asking me to stay - nightmares, spirits calling me
(29:47 / Allies) NeedsTowers: laff
(30:09 / Allies) KingOfTowers: belt of gistr
(30:12 / Allies) 13linn: on it
(30:14 / Allies) 13linn: like a ponit
(30:48 / Allies) KingOfTowers: ghey
(31:11 / Allies) 13linn: need lum for more bats
(31:29 / Allies) 13linn: pure guess
(31:32 / Allies) KingOfTowers: timg next time that happens, reveal
(31:48 / Allies) KingOfTowers: agiboots
(31:57 / Allies) 13linn: wood for bats
(31:57 / Allies) KingOfTowers: idk i guess we have no agi hero
(31:59 / Allies) 13linn: make a decision mata
(32:13 / Allies) nutinyomouf.de: big tim's has nearly doubled in size
(32:14 / Allies) KingOfTowers: bought str on you
(32:18 / Allies) 13linn: for whom?
(32:23 / Allies) KingOfTowers: who cares lol
(32:27 / Allies) 13linn: i will keep it thx mata
(32:39 / Allies) KingOfTowers: pala with 6 str belts would be mean though
(32:46 / Allies) 13linn: timg u r followin me
(32:47 / Allies) KingOfTowers: hit like a mack truck
(32:49 / Allies) nutinyomouf.de: ya
(32:54 / Allies) NeedsTowers: mad reveal towers
(32:56 / Allies) 13linn: may i ask y
(34:02 / Allies) KingOfTowers: send these bats of yours
(34:15 / Allies) nutinyomouf.de: cooldown soryr
(34:19 / Allies) KingOfTowers: thanks for the heal!
(34:24 / Allies) nutinyomouf.de: dh
(34:33 / Allies) nutinyomouf.de: ioomn
(34:34 / Allies) nutinyomouf.de: oom
(34:58 / Allies) nutinyomouf.de: big tims no longer needs ur services LOL
(35:20 / Allies) 13linn: rolling to mid with my fly shockwave 3
(35:31 / Allies) KingOfTowers: need a bit more exp
(35:35 / Allies) KingOfTowers: gonna hit tho ther front this time
(35:36 / Allies) NeedsTowers: need 5k lumber
(35:41 / Allies) nutinyomouf.de: kill please
(35:46 / Allies) nutinyomouf.de: in way of big tims supply route
(35:48 / Allies) NeedsTowers: thats 400
(35:50 / Allies) NeedsTowers: i need way more
(35:51 / Allies) 13linn: what they doin
(36:51 / Allies) KingOfTowers: yeah
(37:14 / Allies) KingOfTowers: belt of gistr
(37:18 / Allies) 13linn: en route
(37:31 / Allies) 13linn: damn
(37:32 / Allies) KingOfTowers: durne;
(37:32 / Allies) 13linn: tp?
(37:34 / Allies) KingOfTowers: yeah
(37:46 / Allies) KingOfTowers: bringing a fernal
(38:14 / Allies) KingOfTowers: not bad
(38:17 / Allies) 13linn: blinner is served
(38:25 / Allies) KingOfTowers: i'll heal
(38:32 / Allies) nutinyomouf.de: big tim's is a multi billion dollar corporation
(38:47 / Allies) 13linn: 2 squads of bats comin
(38:55 / Allies) KingOfTowers: okay, i'll drop the fernal at this point
(39:36 / Allies) KingOfTowers: next one i'll be in the base
(39:38 / Allies) KingOfTowers: you down???
(39:40 / Allies) 13linn: brb grabbing a new tp
(39:44 / Allies) KingOfTowers: grab 1 for me too
(39:46 / Allies) 13linn: ok
(39:59 / Allies) NeedsTowers: nice bladestorm there
(40:05 / Allies) KingOfTowers: hurry up brah
(40:08 / Allies) 13linn: coming
(40:10 / Allies) 13linn: should i bring bats?
(40:15 / Allies) KingOfTowers: yeah
(40:20 / Allies) 13linn: tp on you
(40:23 / Allies) KingOfTowers: next one i'm opening
(40:34 / Allies) NeedsTowers: wood plz
(41:16 / Allies) KingOfTowers: get 2 keeper, help him out
(41:24 / Allies) KingOfTowers: goddamn THANKS A LOT
(41:27 / Allies) 13linn: uh
(41:29 / Allies) 13linn: he was incinvicble
(41:31 / Allies) NeedsTowers: wood me mata
(41:32 / Allies) 13linn: what am i to do
(41:35 / Allies) nutinyomouf.de: big tim's is done growing i think
(41:49 / Allies) NeedsTowers: ty
(41:52 / Allies) 13linn: sorry mata but honestly what could I have done
(41:57 / Allies) 13linn: it was one paladin with shield beatin on you
(42:00 / Allies) nutinyomouf.de: does anybody need a forest gone
(42:01 / Allies) KingOfTowers: run big timg's down there
(42:06 / Allies) nutinyomouf.de: need protection
(42:14 / Allies) KingOfTowers: whoteva
(42:15 / Allies) nutinyomouf.de: let me finish this job first
(42:24 / Allies) nutinyomouf.de: lot of shredder IMO
(42:26 / Allies) 13linn: holy
(42:26 / Allies) 13linn: jesus
(42:35 / Allies) 13linn: can i have a lil lum tim?
(42:37 / Allies) nutinyomouf.de: no
(42:40 / Allies) KingOfTowers: jewing purple's forests
(42:56 / Allies) 13linn: thanks
(43:17 / Allies) nutinyomouf.de: deforesting jobs cost money depenidng on threat level to the team
(43:19 / Allies) 13linn: haha
(43:20 / Allies) NeedsTowers: that guy is hilarous
(43:20 / Allies) KingOfTowers: a noob
(43:22 / Allies) 13linn: good job bm
(43:28 / Allies) NeedsTowers: he did that to me next a fountain
(43:48 / Allies) KingOfTowers: forest vs forest
(44:05 / Allies) KingOfTowers: enemy forest wins
(44:15 / Allies) nutinyomouf.de: stuff in way of my highway
(44:20 / Allies) NeedsTowers: oh well
(44:25 / Allies) NeedsTowers: need more wood
(44:25 / Allies) nutinyomouf.de: big tim's doubles as a demolition service did you know this
(44:27 / Allies) KingOfTowers: i need more aura items really
(44:46 / Allies) NeedsTowers: wood me mata
(44:47 / Allies) nutinyomouf.de: im making exits and shit on my highway
(44:51 / Allies) NeedsTowers: nice shredders
(44:52 / Allies) KingOfTowers: gistr
(44:54 / Allies) 13linn: we've had lots of zeppelins, now lots of shredders
(44:56 / Allies) 13linn: what's next??
(45:05 / Allies) NeedsTowers: mass appers idk
(45:11 / Allies) KingOfTowers: sappers cost food
(45:13 / Allies) KingOfTowers: only zeppelins works
(45:16 / Allies) nutinyomouf.de: this forest needs to go
(45:18 / Allies) KingOfTowers: we could start now and beat sy's record
(45:23 / Allies) KingOfTowers: truly and completely crash the game
(45:23 / Allies) 13linn: well yeah but we have lots of "stuff"
(45:35 / Allies) KingOfTowers: might as well start zepping now
(45:41 / Allies) 13linn: pls no my video card
(45:46 / Allies) KingOfTowers: will beg for mercy
(45:50 / Allies) KingOfTowers: by the end of this game
(45:57 / Allies) KingOfTowers: hell even this is knocking down my framerate
(46:07 / Allies) NeedsTowers: mine too
(46:11 / Allies) NeedsTowers: w/e
(46:15 / Allies) NeedsTowers: dont look at it
(46:18 / Allies) nutinyomouf.de: sylink wanna help my highways
(46:20 / Allies) NeedsTowers: like the ark
(46:27 / Allies) NeedsTowers: i am making massive roadblock
(46:30 / Allies) nutinyomouf.de: im figuring the north and west highways will be direct routes
(46:38 / Allies) 13linn: wow they only have 2 expo
(46:41 / Allies) nutinyomouf.de: south and east will be scenic and cover the edges of map
(46:55 / Allies) KingOfTowers: leave a wisp protectorate
(47:03 / Allies) KingOfTowers: 100 trees
(47:12 / Allies) nutinyomouf.de: i wont touch this forest ok
(47:15 / Allies) KingOfTowers: otay
(47:26 / Allies) 13linn: tome of xp just dropped for me
(47:32 / Allies) 13linn: anybody 5 almost 6 with an important dude?
(47:37 / Allies) nutinyomouf.de: me
(47:46 / Allies) KingOfTowers: toxp
(48:11 / Allies) NeedsTowers: lmao
(48:32 / Allies) 13linn: metal gear malar
(48:39 / Allies) nutinyomouf.de: can we make this game last mad long
(48:43 / Allies) 13linn: (hoof stomp)
(48:45 / Allies) KingOfTowers: yeah trying
(48:45 / Allies) 13linn: huh, what was that noise?
(48:58 / Allies) nutinyomouf.de: big tim's is raping this fyi
(49:04 / Allies) KingOfTowers: wisp habitat GONE
(49:05 / Allies) NeedsTowers: what
(49:16 / Allies) nutinyomouf.de: suggesting you evac wisps
(49:33 / Allies) 13linn: what an odd choice
(49:41 / Allies) 13linn: how do mass aboms beat towers?
(49:56 / Allies) KingOfTowers: hell, the aow line will stop them
(50:52 / Allies) 13linn: metal gear malar
(50:54 / Allies) 13linn: fission: mailed
(51:58 / Allies) NeedsTowers: wood pls
(52:08 / Allies) 13linn: big tim has 25k my word
(52:27 / Allies) KingOfTowers: big tim's is self sufficient
(52:49 / Allies) 13linn: here
(52:50 / Allies) 13linn: sy
(52:55 / Allies) NeedsTowers: waght
(52:55 / Allies) 13linn: could you make a few sorcs with invis?
(53:01 / Allies) NeedsTowers: no supply for this
(53:07 / Allies) 13linn: ok 1
(53:08 / Allies) NeedsTowers: but i can make one
(53:09 / Allies) 13linn: 1 sorc
(53:12 / Allies) nutinyomouf.de: fuk
(53:16 / Allies) KingOfTowers: that's one zep house gone
(53:18 / Allies) KingOfTowers: need a re expand
(53:18 / Allies) 13linn: all my bats were in mid
(53:55 / Allies) 13linn: shit dawg
(54:07 / Allies) 13linn: ?
(54:12 / Allies) NeedsTowers: wood me plz
(54:14 / Allies) 13linn: help
(54:31 / Allies) NeedsTowers: one sorc training
(55:01 / Allies) nutinyomouf.de: where is big tims needed
(55:24 / Allies) nutinyomouf.de: big tim's does not fight
(55:25 / Allies) KingOfTowers: will tranquilidad
(55:27 / Allies) NeedsTowers: ow
(55:58 / Allies) KingOfTowers: get bats
(55:59 / Allies) KingOfTowers: outta deah
(56:04 / Allies) NeedsTowers: can i get some wood
(56:07 / Allies) KingOfTowers: okay they all died then
(56:26 / Allies) NeedsTowers: need all available wood mata
(56:50 / Allies) NeedsTowers: ty
(56:59 / Allies) 13linn: damn
(57:00 / Allies) 13linn: if anybody
(57:04 / Allies) 13linn: thought blinning wasn't immense
(57:11 / Allies) 13linn: please request they review that battle
(57:20 / Allies) KingOfTowers: intense?
(57:21 / Allies) KingOfTowers: immense?
(57:26 / Allies) 13linn: a fusion of the two
(57:27 / Allies) 13linn: imtense
(57:32 / Allies) nutinyomouf.de: this is bad
(57:36 / Allies) nutinyomouf.de: please protect my highway
(57:37 / Allies) KingOfTowers: uh oh
(57:39 / Allies) KingOfTowers: heading down there
(57:47 / Allies) 13linn: a nigga qui s'appelle blinn is en route
(58:13 / Allies) 13linn: they haven't even reacted yet?
(58:20 / Allies) NeedsTowers: i have a new race
(58:23 / Allies) KingOfTowers: they are on the verge of reaction
(58:23 / Allies) NeedsTowers: uses towers as a creep
(58:41 / All) nutinyomouf.de: stop
(58:45 / All) nutinyomouf.de: no
(58:46 / All) nutinyomouf.de: nein
(58:49 / All) nutinyomouf.de: halt
(58:51 / Allies) KingOfTowers: send in the aa
(59:04 / Allies) KingOfTowers: dang this rabbit hole goes deep
(59:19 / Allies) nutinyomouf.de: it goes to ther
(59:19 / Allies) nutinyomouf.de: e
(59:31 / Allies) nutinyomouf.de: evaccing highway crew
(59:39 / Allies) 13linn: dayum
(59:42 / Allies) 13linn: all chims D E D
(59:46 / Allies) KingOfTowers: connect it to your main or your goldmine
(60:00 / Allies) NeedsTowers: this is a lot of twoers
(60:01 / Allies) KingOfTowers: and label various parts after parts of the digestive tract
(60:21 / Allies) 13linn: fuck no mana
(60:29 / Allies) KingOfTowers: tranqilidad can't help that
(60:42 / Allies) nutinyomouf.de: they killed big tim;s
(60:47 / Allies) NeedsTowers: wood me mata
(61:08 / Allies) KingOfTowers: retrieve the artifact
(61:08 / Allies) NeedsTowers: increase woo dproudction tia
(61:09 / Allies) KingOfTowers: of power
(61:10 / Allies) KingOfTowers: and use it
(61:41 / Allies) NeedsTowers: record is 282 zeppelins
(61:46 / All) jonatanfin: why don´t u kill us??^^:P
(61:47 / Allies) KingOfTowers: yeah i'm nowhere near that many zeps
(61:56 / Allies) NeedsTowers: i had ten groups
(61:57 / Allies) NeedsTowers: hotkeyed
(61:58 / All) nutinyomouf.de: im making a highway
(62:01 / Allies) KingOfTowers: i don't do hotkeys
(62:11 / Allies) 13linn: i lost my bats
(62:15 / Allies) 13linn: no seriousuly i have 80 food bats
(62:18 / Allies) 13linn: no idea where they are
(62:19 / All) nutinyomouf.de: i dont want to kill you i just want to do some civil engineering :-)
(62:34 / Allies) KingOfTowers: i left that tome for tim
(62:35 / Allies) KingOfTowers: tomes for tim
(62:39 / Allies) nutinyomouf.de: im 6 nthx
(62:46 / Allies) NeedsTowers: need lumber again
(62:49 / Allies) KingOfTowers: thought you had dr
(62:53 / Allies) NeedsTowers: i have a dr
(63:05 / Allies) nutinyomouf.de: west highway running into difficulties
(63:09 / Allies) nutinyomouf.de: going to develop south highway
(63:17 / Allies) 13linn: no seriously please
(63:18 / Allies) 13linn: bats missing
(63:20 / Allies) 13linn: ping if you see
(63:25 / Allies) 13linn: aha thanks
(63:41 / Allies) KingOfTowers: awww no
(63:48 / Allies) KingOfTowers: need hilfe
(64:10 / Allies) NeedsTowers: wood me
(64:40 / Allies) NeedsTowers: tower production grinding to halt
(64:45 / Allies) nutinyomouf.de: surr
(65:28 / Allies) 13linn: god i need mana badly
(65:42 / Allies) NeedsTowers: mata wood
(65:45 / Allies) 13linn: G_G
(65:53 / Allies) KingOfTowers: this game isn't done yet
(66:04 / Allies) 13linn: nah but i just owned that pesky BM
(66:37 / All) jonatanfin: mm
(66:58 / Allies) 13linn: it's rare a friends game goes so perfectly well all the way from the start
(67:31 / Allies) NeedsTowers: i need wood again
(67:45 / Allies) KingOfTowers: the zepelin train is long
(67:46 / Allies) KingOfTowers: seven mile
(67:47 / Allies) KingOfTowers: s
(67:50 / Allies) nutinyomouf.de: you can buy from Big Tim's Lumber Emporium.
(67:54 / Allies) NeedsTowers: lmao
(67:59 / Allies) NeedsTowers: what is going rate
(68:06 / Allies) KingOfTowers: ride the zeppelin
(68:07 / Allies) KingOfTowers: it's old
(68:11 / Allies) KingOfTowers: and it's skin is cold
(68:16 / Allies) nutinyomouf.de: 1 gold for 5 lumber, buy in bulk get a discount
(68:27 / Allies) KingOfTowers: the zepelin snake
(68:45 / Allies) NeedsTowers: however much that gets me
(68:46 / Allies) KingOfTowers: gonna wrap around the map ten times
(68:47 / Allies) 13linn: haha killed
(68:52 / Allies) 13linn: like 8 zigs with bof/shockwave alone
(69:12 / Allies) NeedsTowers: nice zeppelint rain
(69:14 / Allies) KingOfTowers: keep the zepelin snake alive
(69:26 / Allies) 13linn: saving matas wisps
(69:28 / Allies) 13linn: cos he dont care
(69:31 / Allies) NeedsTowers: where is my wood you nig
(69:33 / Allies) KingOfTowers: all i care about are my zeps
(69:36 / Allies) nutinyomouf.de: oh
(69:40 / Allies) nutinyomouf.de: how much gold did you give
(69:44 / Allies) NeedsTowers: 20k
(70:25 / Allies) NeedsTowers: lmao
(70:34 / Allies) nutinyomouf.de: Big Tim's Lumber Emporium coud not handle your request.
(70:38 / Allies) KingOfTowers: haha
(70:43 / Allies) KingOfTowers: when the first zepelin in the zepelin train moves
(70:48 / Allies) KingOfTowers: it takes like 7 minutes for the pulse to reach the end
(70:57 / Allies) NeedsTowers: hilaroius
(71:33 / Allies) NeedsTowers: this a lot of tower
(71:39 / Allies) 13linn: may i ask why i am doing al the work here
(71:42 / Allies) KingOfTowers: lags me to shit
(71:46 / Allies) KingOfTowers: calculate height x width of that tower block
(71:48 / Allies) 13linn: they are expoing btw
(71:58 / Allies) NeedsTowers: 30 x 30 maybe
(71:59 / Allies) KingOfTowers: well gotta let them win something
(72:01 / Allies) nutinyomouf.de: sylink dont block off north highway please
(72:09 / Allies) 13linn: tower trapezium or tower triangle
(72:10 / Allies) 13linn: is better
(72:12 / Allies) 13linn: alliteration ++
(72:16 / Allies) KingOfTowers: sorry but size matters
(72:19 / Allies) NeedsTowers: tower hypercube
(72:32 / Allies) KingOfTowers: yo put some peasants down on map and mark them as apples
(72:35 / Allies) 13linn: fuck this green noob
(72:38 / Allies) KingOfTowers: and i will play Snake with zepelin snake
(72:45 / Allies) nutinyomouf.de: haha
(73:01 / Allies) KingOfTowers: can't crsh into own tail
(73:07 / Allies) NeedsTowers: can you perma rotate cdamera
(73:10 / Allies) nutinyomouf.de: no
(73:55 / Allies) 13linn: wow tim
(74:03 / Allies) 13linn: they got that tome
(74:50 / Allies) 13linn: mad frosties and shit
(75:00 / Allies) NeedsTowers: 3 hours into game they make frostie
(75:01 / Allies) 13linn: could use some ass istance
(75:30 / Allies) KingOfTowers: the zeppelin snake tightens its coils
(75:30 / Allies) NeedsTowers: this epic shit
(75:38 / Allies) nutinyomouf.de: work on this side sylink
(75:44 / Allies) nutinyomouf.de: i want to make my highway go through cube ok
(75:49 / Allies) NeedsTowers: tower block knows no bounds
(75:49 / Allies) 13linn: i guess they want to just feed me levels??
(75:51 / Allies) NeedsTowers: but oik
(75:58 / Allies) NeedsTowers: make right border
(76:06 / Allies) 13linn: i'm 10/10 what r u
(76:12 / Allies) NeedsTowers: where is boundary
(76:41 / Allies) KingOfTowers: is it possible to have too many zepelins?
(76:43 / Allies) nutinyomouf.de: no
(76:46 / Allies) NeedsTowers: no
(76:47 / Allies) KingOfTowers: okay
(76:55 / Allies) 13linn: if that's wrong
(76:57 / Allies) 13linn: i don't wanna be right
(76:57 / Allies) nutinyomouf.de: yes
(77:00 / Allies) KingOfTowers: thing is i can't keep track of where the end of my snake is
(77:12 / Allies) 13linn: hmm sylink i think you have a few too many towers
(77:19 / Allies) KingOfTowers: i don't think this
(77:20 / Allies) 13linn: is getting a little framey
(77:20 / Allies) NeedsTowers: not possible
(77:37 / Allies) NeedsTowers: giant red blob on map
(77:53 / Allies) KingOfTowers: what the hell
(77:58 / Allies) NeedsTowers: this should be a record
(78:01 / Allies) KingOfTowers: oh god that's confushing
(78:31 / Allies) 13linn: see if you were them
(78:36 / Allies) 13linn: wouldn't you be thoroughly demoralised by this point
(78:49 / Allies) KingOfTowers: i don't think i could ever see myself being in a game which i was unable to win
(78:57 / Allies) KingOfTowers: i mean, you have infinite gold
(79:04 / Allies) nutinyomouf.de: blinn i have to demolish some of your towers
(79:08 / Allies) KingOfTowers: can you imagine yourself being in this situation
(79:10 / Allies) 13linn: sure
(79:49 / Allies) NeedsTowers: when your main empties
(79:53 / Allies) NeedsTowers: we should turn into tower block
(80:03 / Allies) KingOfTowers: so ery soon
(80:04 / Allies) 13linn: we gonna try push this or do anything
(80:06 / Allies) 13linn: or just do nothing
(80:13 / Allies) NeedsTowers: ive been making towers
(80:14 / Allies) NeedsTowers: all game
(80:19 / Allies) KingOfTowers: i been making zeps
(80:41 / Allies) 13linn: just need somebody maybe with a few units to help a brother out
(80:42 / Allies) nutinyomouf.de: needs tower ssylink
(80:43 / Allies) NeedsTowers: what
(81:01 / Allies) 13linn: everybody
(81:05 / Allies) NeedsTowers: what
(81:06 / Allies) 13linn: utilise the new fps command
(81:10 / Allies) 13linn: tell me what you get over the big red block
(81:18 / Allies) NeedsTowers: what is this command
(81:18 / Allies) nutinyomouf.de: is bad
(81:21 / Allies) 13linn: /fps
(81:24 / Allies) 13linn: 4.4
(81:26 / Allies) 13linn: holy shit
(81:29 / Allies) 13linn: 4.4 frames per second
(81:35 / Allies) nutinyomouf.de: 11.7
(81:36 / Allies) NeedsTowers: where do i see this measure
(81:41 / Allies) 13linn: below clock
(81:45 / Allies) nutinyomouf.de: i lied 15-20
(81:46 / Allies) KingOfTowers: okay
(81:52 / Allies) KingOfTowers: all the world snakes have been attached
(81:52 / Allies) KingOfTowers: to one
(81:54 / Allies) KingOfTowers: megasnake
(81:55 / Allies) NeedsTowers: 15
(82:10 / Allies) nutinyomouf.de: doesnt look like a snake imo
(82:19 / Allies) KingOfTowers: huh
(82:21 / Allies) KingOfTowers: yeah
(82:23 / Allies) KingOfTowers: that's the resrve
(82:25 / Allies) nutinyomouf.de: o
(82:27 / Allies) 13linn: brb 2 secs with some food
(82:28 / Allies) 13linn: micro me
(82:28 / Allies) KingOfTowers: haven't made that into a snake yet
(82:47 / Allies) nutinyomouf.de: broken here i thikn
(82:57 / Allies) KingOfTowers: no that's just a random zep i think
(83:12 / Allies) KingOfTowers: i have front end end hotkeyed, and end still moves
(83:21 / Allies) KingOfTowers: though it takes a few seconds for the end to react
(83:23 / Allies) KingOfTowers: when front moves
(83:38 / Allies) KingOfTowers: the speed of sound in zeppelins
(84:36 / Allies) 13linn: yeo
(84:45 / Allies) nutinyomouf.de: might need to evac wisp
(84:48 / Allies) 13linn: you realise they are slowly picking away at this
(84:57 / Allies) NeedsTowers: you realise i dont care
(84:59 / Allies) KingOfTowers: i want them to get to this
(85:08 / Allies) nutinyomouf.de: they can take the highway there
(85:11 / Allies) KingOfTowers: hehe
(85:15 / Allies) nutinyomouf.de: hahahaha
(85:18 / Allies) KingOfTowers: invite the paladin to walk the path of glory
(85:20 / Allies) nutinyomouf.de: are they revealing us
(85:25 / All) nutinyomouf.de: purple
(85:27 / All) NeedsTowers: hi
(85:29 / All) nutinyomouf.de: get level 3 divine shield
(85:30 / Allies) KingOfTowers: see if he can make it to the end
(85:33 / All) nutinyomouf.de: and follow my paladin ok
(85:37 / All) nutinyomouf.de: highway is coming along nicely
(85:50 / All) nutinyomouf.de: meet u at exit 7
(85:56 / All) Tweedman: but chillout
(86:01 / All) Tweedman: i only got lvl 2
(86:05 / All) Tweedman: 1
(86:05 / All) NeedsTowers: do u like towes
(86:06 / All) nutinyomouf.de: o
(86:13 / All) nutinyomouf.de: can you retrain
(86:13 / All) jonatanfin: yy
(86:17 / All) nutinyomouf.de: or get more levels
(86:18 / All) KingOfTowers: no not on this map
(86:19 / All) jonatanfin: lagg
(86:19 / All) nutinyomouf.de: plz
(86:25 / All) Tweedman: Okis
(86:32 / All) KingOfTowers: we can send you some units
(86:34 / All) KingOfTowers: for paladin to grind
(86:37 / All) Tweedman: ok
(86:42 / All) KingOfTowers: wisps ok?
(86:49 / Allies) NeedsTowers: i need wood again
(86:51 / All) Tweedman: im south of our big base
(86:58 / All) Tweedman: going towards ur
(87:03 / All) KingOfTowers: sending wisp packets
(87:05 / All) Tweedman: nightelf base
(87:15 / All) Tweedman: ehre
(87:18 / All) Tweedman: go back
(87:25 / Allies) 13linn: surround him
(87:27 / Allies) NeedsTowers: give me all your lumber mata
(87:55 / All) KingOfTowers: yo green
(87:57 / All) Tweedman: no
(87:59 / All) Tweedman: Green dont
(88:05 / All) jonatanfin: k
(88:19 / Allies) NeedsTowers: nmata lumber
(88:25 / Allies) KingOfTowers: goddamn this snake is too long
(88:27 / Allies) KingOfTowers: i'm making a hellzep
(88:33 / All) Tweedman: how long have u guys playd?
(88:35 / Allies) KingOfTowers: where all follow 1
(88:39 / All) nutinyomouf.de: second game
(88:44 / All) Tweedman: but i mean
(88:45 / All) Tweedman: wc3
(88:49 / All) KingOfTowers: second game
(88:55 / All) Tweedman: have u only played twice?
(88:57 / All) Tweedman: :S
(88:59 / All) KingOfTowers: yeop
(89:00 / Allies) NeedsTowers: seriulsy
(89:02 / Allies) NeedsTowers: i need wood
(89:03 / All) nutinyomouf.de: are we doing this right
(89:05 / All) Tweedman: dont belive u
(89:13 / All) Tweedman: well need more wisp
(89:17 / All) jonatanfin: this is seckond too for a long ime
(89:21 / All) jonatanfin: time
(89:28 / All) nutinyomouf.de: buy some potions of invuln too
(89:34 / All) nutinyomouf.de: i dont think you'll be fast enough
(89:35 / All) 13linn: the manual said tower was a strong unit so we decided to try
(89:46 / Allies) NeedsTowers: mata
(89:49 / Allies) NeedsTowers: give me lumber
(89:54 / All) nutinyomouf.de: i mean my highway stretches around the whole map really
(90:05 / Allies) NeedsTowers: ty
(90:07 / Allies) NeedsTowers: voila
(90:17 / Allies) nutinyomouf.de: need to make another roundabout here
(90:19 / Allies) nutinyomouf.de: i think
(90:22 / All) Tweedman: this will be a fun replay but booring one :P
(90:32 / All) nutinyomouf.de: mata has 600 zeppelins
(90:35 / All) Tweedman: both thing ;p
(90:39 / All) Tweedman: well send me some more unis!
(90:43 / All) Tweedman: units
(90:48 / All) jonatanfin: my comp dosen´t take this
(90:53 / Allies) nutinyomouf.de: send your aowar
(90:59 / All) KingOfTowers: sending my aowar
(91:03 / All) nutinyomouf.de: ok but these guys are tough
(91:07 / All) KingOfTowers: Careful they bite
(91:40 / Allies) NeedsTowers: dear god
(91:45 / All) jonatanfin: atack us now plz!!!
(91:55 / All) nutinyomouf.de: ok aowar all queued up
(91:58 / All) nutinyomouf.de: wont attack you
(91:59 / Allies) NeedsTowers: we should just start emailing these replays to blizzard
(92:03 / All) nutinyomouf.de: just run back and forth
(92:23 / Allies) KingOfTowers: dear blizzard
(92:25 / All) Tweedman: GAAAH
(92:26 / All) Tweedman: hahahahah
(92:27 / Allies) KingOfTowers: if you are reading this your game is stupid
(92:49 / Allies) nutinyomouf.de: maybe we could get featured on website : - )
(93:01 / Allies) nutinyomouf.de: timg4strok mata. sylink and blinn of clan TgX
(93:09 / Allies) KingOfTowers: posing for a photo
(93:20 / All) Tweedman: well that was lame
(93:37 / All) jonatanfin: can i leave???plz
(93:42 / All) jonatanfin: it laggs
(93:43 / Allies) NeedsTowers: need wood for next tower generation
(93:46 / All) nutinyomouf.de: no we'll let u win
(93:49 / All) KingOfTowers: no, you haven't won yet
(93:53 / All) jonatanfin: ?????
(93:53 / Allies) KingOfTowers: given
(93:57 / All) jonatanfin: haha
(94:11 / All) jonatanfin: y
(94:15 / All) nutinyomouf.de: dont kill highway plz
(94:16 / All) KingOfTowers: we leave soon okay
(94:16 / Allies) 13linn: i have a 10% chance to do like 340 damage on my panda alone
(94:23 / Allies) NeedsTowers: im getting like ten fps
(94:25 / Allies) NeedsTowers: everywhere
(94:42 / Allies) NeedsTowers: we approaching event horizion
(94:43 / Allies) 13linn: it's
(94:45 / Allies) 13linn: starting to get a little laggy
(94:48 / All) Tweedman: my computer will blow up soon hahahhahahaha
(94:49 / Allies) nutinyomouf.de: i just went over the towrr block
(94:52 / Allies) nutinyomouf.de: froze up for a second
(94:55 / All) jonatanfin: booring
(94:57 / Allies) 13linn: shit
(95:00 / All) jonatanfin: hellp
(95:08 / Allies) KingOfTowers: my zep is mobile lag generator
(95:10 / All) KingOfTowers: we leave soon ok
(95:13 / Allies) 13linn: 0.7 fps
(95:15 / All) Tweedman: okkkk
(95:17 / Allies) 13linn: this is a standstill
(95:18 / All) Tweedman: when is soon
(95:25 / Allies) KingOfTowers: need to get a few more zep
(95:27 / All) 13linn: 20-30 mins?
(95:47 / Allies) KingOfTowers: should i run zep into tanks
(95:58 / Allies) KingOfTowers: think warcraft woul ddie?
(96:02 / Allies) nutinyomouf.de: sadly east and south highways not gonna make it imo
(96:10 / Allies) NeedsTowers: i would like a replay
(96:10 / Allies) nutinyomouf.de: closing east block
(96:12 / Allies) 13linn: mata i think the fact that it could
(96:13 / All) jonatanfin: my too
(96:14 / Allies) 13linn: means it's worth trying
(96:15 / All) KingOfTowers: i have 600 zeppelins, you can tank them if you want
(96:28 / All) Tweedman: Go with zeppelin north
(96:33 / Allies) NeedsTowers: getting lazy random tower building
(96:34 / Allies) 13linn: 1.5 everywhere
(96:36 / All) KingOfTowers: north to where
(96:37 / Allies) 13linn: this is stupid
(96:39 / All) jonatanfin: ??
(96:41 / All) Tweedman: To my little base
(96:45 / Allies) NeedsTowers: this is awesome you mean
(96:46 / All) KingOfTowers: send tank
(96:48 / Allies) KingOfTowers: send many tanks
(96:49 / Allies) nutinyomouf.de: gold me
(96:51 / All) KingOfTowers: send many tanks
(96:54 / All) jonatanfin: no
(96:55 / All) nutinyomouf.de: sending you some peons
(97:04 / Allies) NeedsTowers: hahaha god
(97:04 / All) jonatanfin: 1-2 mins^^
(97:08 / Allies) nutinyomouf.de: oh god
(97:10 / Allies) NeedsTowers: i just see a big texture
(97:14 / Allies) nutinyomouf.de: 3.3 fps
(97:25 / Allies) 13linn: i'm sacred to look
(97:26 / All) KingOfTowers: hello
(97:30 / All) jonatanfin: kill us now or leave now
(97:31 / Allies) 13linn: but am going to anywhay
(97:35 / All) NeedsTowers: u leave
(97:37 / All) Tweedman: HIHO
(97:42 / Allies) NeedsTowers: hahahaha shit
(97:47 / Allies) nutinyomouf.de: lagging so abd
(97:53 / Allies) nutinyomouf.de: gold me
(97:54 / Allies) NeedsTowers: this is hilarious
(97:55 / Allies) 13linn: i can't even scroll to it fuck
(98:02 / All) KingOfTowers: oh shit the control zeppelin died
(98:05 / All) KingOfTowers: i can't control them anymor
(98:17 / All) nutinyomouf.de: do you get exp for them
(98:22 / Allies) NeedsTowers: hahaha
(98:25 / Allies) 13linn: i put mouse to top of screen to scroll
(98:25 / All) nutinyomouf.de: if so hi level 10 every hero
(98:32 / Allies) 13linn: and end up at top
(98:33 / All) NeedsTowers: this is some hindenburg shit
(98:48 / Allies) KingOfTowers: he will push the zep cloud into highway eventually
(98:55 / Allies) KingOfTowers: or maybe they just go back and forth
(99:11 / All) KingOfTowers: this forest is going to have traces of zepelin for a million years
(99:45 / All) jonatanfin: i can´t see them it´s too laggy
(99:46 / Allies) nutinyomouf.de: if i can connect my highways
(99:58 / Allies) KingOfTowers: you will set tower record i guess
(100:01 / Allies) KingOfTowers: you guys still need lumber?
(100:05 / Allies) NeedsTowers: i need lumber
(100:06 / Allies) KingOfTowers: i'll get 100 wisps and feed at this point
(100:06 / Allies) nutinyomouf.de: i need gold
(100:09 / All) jonatanfin: hihi i see them``^^
(100:19 / All) jonatanfin: they are everywhere
(100:23 / All) nutinyomouf.de: sorry thats my deforesting crew
(100:29 / All) nutinyomouf.de: got no trees to cut on our side of map
(100:29 / All) jonatanfin: haha
(100:31 / Allies) KingOfTowers: leave this forest, getting 100 food wisp
(100:33 / Allies) NeedsTowers: mad lumber plz
(100:51 / Allies) NeedsTowers: ty
(100:52 / All) jonatanfin: orange kill me
(100:54 / Allies) 13linn: 348 crit on panda
(100:54 / Allies) KingOfTowers: hang on, lum production being ramped up
(100:55 / Allies) 13linn: g_g
(101:06 / Allies) KingOfTowers: do you have 6 belts on panda?
(101:13 / Allies) 13linn: 4
(101:23 / Allies) KingOfTowers: get 6 and see what your crit max is
(101:23 / All) jonatanfin: can´t u just leave
(101:27 / All) NeedsTowers: cant you
(101:46 / All) KingOfTowers: we can mine this map out okay?
(101:52 / Allies) KingOfTowers: i bet they are close to broke
(101:59 / Allies) nutinyomouf.de: east highway permanently closed
(101:59 / Allies) 13linn: 372
(102:01 / Allies) KingOfTowers: last mines?
(102:02 / Allies) 13linn: is crit max
(102:05 / Allies) nutinyomouf.de: south highway closed temporarily for renovatins
(102:10 / Allies) nutinyomouf.de: cant type
(102:13 / Allies) nutinyomouf.de: cant feel fingers
(102:14 / Allies) 13linn: you hear that mata
(102:14 / Allies) nutinyomouf.de: als laggo
(102:16 / Allies) nutinyomouf.de: laggy
(102:18 / Allies) 13linn: three hundred seventy two
(102:21 / Allies) KingOfTowers: dang that's good
(102:36 / Allies) KingOfTowers: panda doesn't need tp
(102:39 / Allies) KingOfTowers: but needs mana i uges
(102:47 / Allies) 13linn: all i gave him was orb
(102:48 / Allies) 13linn: to hit air
(102:55 / Allies) KingOfTowers: remove that and check critz
(103:07 / All) jonatanfin: ^^
(103:12 / Allies) KingOfTowers: i'm not sure if this is enough trees
(103:14 / Allies) KingOfTowers: for 100 wisps
(103:22 / Allies) KingOfTowers: i'm going to tunnel into it to maximise surface area
(103:29 / Allies) nutinyomouf.de: gold me
(103:36 / Allies) KingOfTowers: gold is out now
(103:37 / Allies) KingOfTowers: on the map
(103:41 / Allies) KingOfTowers: wait no
(103:42 / Allies) nutinyomouf.de: yes i know
(103:43 / Allies) nutinyomouf.de: gold me
(103:44 / Allies) KingOfTowers: still mad mch
(103:46 / Allies) 13linn: haha god
(103:49 / Allies) 13linn: check my heroes killed at end
(103:50 / Allies) 13linn: gonna be like 15
(104:05 / Allies) nutinyomouf.de: deforesting this
(104:15 / Allies) nutinyomouf.de: dont make them leave blinn
(104:16 / Allies) nutinyomouf.de: fuck
(104:16 / Allies) NeedsTowers: mad wood plz
(104:26 / Allies) KingOfTowers: hold on
(104:29 / Allies) KingOfTowers: don't have any wisps yet
(104:30 / All) jonatanfin: bye booring... must go to sleep. i must wake upp 5 tomorow..
(104:32 / Allies) nutinyomouf.de: blinn ruins every fucking game
(104:34 / Allies) nutinyomouf.de: did you know this
(104:35 / Allies) nutinyomouf.de: every
(104:35 / All) KingOfTowers: go afk okay
(104:36 / Allies) nutinyomouf.de: fucking
(104:36 / Allies) nutinyomouf.de: game
(104:51 / Allies) nutinyomouf.de: gold me
(104:53 / Allies) nutinyomouf.de: im getting low
(104:58 / Allies) 13linn: yeah look i've ruined it they've all left
(105:05 / Allies) NeedsTowers: im going to start losing gold soon
(105:14 / Allies) nutinyomouf.de: what happened
(105:17 / Allies) nutinyomouf.de: mad sloppy
(105:23 / Allies) NeedsTowers: its so much worker
(105:26 / Allies) NeedsTowers: my hands were hurting
(105:30 / All) nutinyomouf.de: look if you gonna leave just go afk ok
(105:37 / All) KingOfTowers: yeah we got shit to do
(105:49 / All) nutinyomouf.de: purple
(105:49 / All) Tweedman: no im leaving
(105:57 / All) nutinyomouf.de: dont we'll leave ok
(106:06 / All) nutinyomouf.de: just go afk
(106:10 / All) nutinyomouf.de: or tour my highway first plz
(106:13 / All) KingOfTowers: and wake up to win
(106:14 / All) KingOfTowers: in the morning
(106:17 / All) Tweedman: then u have 10 sec to leave now.
(106:23 / All) nutinyomouf.de: PLZ
(106:24 / Allies) NeedsTowers: lmao
(106:30 / Allies) 13linn: i don't think he understands
(106:37 / Allies) 13linn: the premise of the offer
(106:39 / All) nutinyomouf.de: we leave in a few hour when we done, u go afk now
(106:50 / All) nutinyomouf.de: go to sleep or something
(106:58 / All) NeedsTowers: eat some cheese
(107:02 / All) nutinyomouf.de: my highway almost connected
(107:34 / Allies) KingOfTowers: okay
(107:36 / Allies) 13linn: idk if you needed that but have it neway
(107:37 / Allies) KingOfTowers: max forest area
(107:39 / Allies) NeedsTowers: need lumba
(107:53 / Allies) 13linn: hahaha
(108:03 / Allies) KingOfTowers: hum
(108:10 / Allies) 13linn: malar and tatsa are on the fucking case
(108:13 / Allies) nutinyomouf.de: no
(108:14 / Allies) nutinyomouf.de: blinn
(108:15 / Allies) nutinyomouf.de: fuck off
(108:18 / Allies) nutinyomouf.de: let him kill some shit
(108:19 / Allies) 13linn: ?
(108:22 / Allies) 13linn: jesus fine
(108:27 / Allies) 13linn: you and your stupid record
(108:33 / Allies) nutinyomouf.de: dont care about record
(108:39 / Allies) NeedsTowers: i think i have more towers honestly
(108:41 / Allies) nutinyomouf.de: care about highway
(108:42 / Allies) 13linn: cool well you can always blame sylink now
(108:47 / Allies) nutinyomouf.de: and yeah sylink has like 4k
(108:48 / Allies) nutinyomouf.de: 4x
(109:12 / Allies) KingOfTowers: went high upkeep wisp
(109:26 / Allies) 13linn: watching your lum go up is a sight to behold
(109:31 / Allies) KingOfTowers: i'll donate gold to the tower cause once wisps are done
(109:39 / Allies) KingOfTowers: i'll give gold and lum in packets of 10k
(109:50 / Allies) nutinyomouf.de: blinn destroy these
(109:58 / Allies) KingOfTowers: the highway must flow
(110:01 / Allies) 13linn: destroy what?
(110:09 / Allies) nutinyomouf.de: im going to run the highway once its done
(110:12 / Allies) nutinyomouf.de: who is coming with me
(110:21 / Allies) nutinyomouf.de: meet at exit 7
(110:24 / Allies) 13linn: i will get malar and tatsa to follow you
(110:28 / Allies) KingOfTowers: haha i don't have a hero anymore but i'll send a wisp to symbolize my contrihbutions
(110:40 / Allies) NeedsTowers: victory
(110:49 / Allies) KingOfTowers: actually, i'm ressing my hero so he can run the circuit
(110:52 / Allies) KingOfTowers: then killing him again after
(111:00 / Allies) NeedsTowers: need lumb
(111:07 / Allies) KingOfTowers: yeap 1s
(111:22 / Allies) 13linn: this guy gonna just spend all his money on MGs maybe
(111:25 / Allies) NeedsTowers: follow the leader
(111:56 / Allies) NeedsTowers: last mine empty
(112:02 / Allies) 13linn: last mine on map?
(112:06 / Allies) NeedsTowers: no of mine
(112:09 / Allies) 13linn: o
(112:13 / Allies) nutinyomouf.de: highway finally connecting
(112:20 / Allies) 13linn: following Buzan
(112:23 / Allies) KingOfTowers: Larodar is almost out
(112:26 / Allies) 13linn: Buzan be fearless in your charge
(112:45 / Allies) KingOfTowers: where are westarting the run
(112:51 / Allies) KingOfTowers: oh goddamnn
(112:51 / Allies) NeedsTowers: lets tgo
(113:04 / Allies) 13linn: exit 7 mata
(113:05 / Allies) nutinyomouf.de: major setbacks in highway development
(113:07 / All) nutinyomouf.de: ho;ld on
(113:08 / Allies) KingOfTowers: okay
(113:13 / All) nutinyomouf.de: thbats the last section of highway
(113:15 / All) Tweedman: gaah im getting bored
(113:16 / Allies) KingOfTowers: following you
(113:21 / All) NeedsTowers: so go afk
(113:23 / All) Tweedman: let me have soe fun
(113:23 / Allies) KingOfTowers: go ggo
(113:27 / All) Tweedman: no i aint going afk
(113:30 / All) Tweedman: cuz i wanna play again
(113:36 / All) nutinyomouf.de: ill leave right after
(113:38 / All) nutinyomouf.de: plz
(113:43 / Allies) KingOfTowers: hoof it before guy leaves mb
(113:54 / Allies) KingOfTowers: sy, shooting you full of resources
(114:12 / Allies) nutinyomouf.de: ;leave this open
(114:13 / Allies) nutinyomouf.de: for exit
(114:14 / Allies) NeedsTowers: k
(114:21 / Allies) NeedsTowers: highway is up
(114:22 / Allies) NeedsTowers: gogogogog
(114:26 / Allies) KingOfTowers: after this larodar retires to his mountain estate
(114:31 / Allies) nutinyomouf.de: let me take u on a tour
(114:37 / Allies) KingOfTowers: :-D
(114:41 / Allies) 13linn: which is where?
(114:42 / Allies) NeedsTowers: olmao
(114:43 / Allies) nutinyomouf.de: here is da sylink blockade west
(114:48 / Allies) nutinyomouf.de: a famous battle site 10 yrs ago
(115:01 / Allies) KingOfTowers: wow i haven't looked at minimap for liek 10 minutes
(115:03 / Allies) KingOfTowers: it's so red
(115:04 / Allies) nutinyomouf.de: u will notice left and right have exits, for easy access
(115:09 / Allies) NeedsTowers: the color of victory
(115:13 / Allies) nutinyomouf.de: here is a rest area with a shop
(115:21 / Allies) KingOfTowers: hey belt of gistr
(115:21 / Allies) 13linn: highway gift shop
(115:23 / Allies) nutinyomouf.de: here is a roundabout u go round
(115:27 / Allies) KingOfTowers: it's bad manner to buy during tour
(115:29 / Allies) nutinyomouf.de: right round abby right round
(115:31 / Allies) 13linn: i have like 8 it's ok
(115:49 / Allies) nutinyomouf.de: this is the southern highway, currently closed for rennovations
(115:54 / Allies) KingOfTowers: there are some potholes
(116:01 / Allies) KingOfTowers: and unupgraded towers
(116:11 / Allies) KingOfTowers: big ty
(116:19 / Allies) nutinyomouf.de: this is the site of the eastern highway, closed for ever
(116:25 / Allies) NeedsTowers: jobs done jobs done
(116:42 / Allies) nutinyomouf.de: on the left you will see sylink;s tower block
(116:47 / Allies) NeedsTowers: i wihs mgs would attack tower block
(116:59 / Allies) KingOfTowers: in the northlands mountain giants raid the outposts but we are safe in this metropolis
(117:06 / Allies) NeedsTowers: megalopolis
(117:08 / Allies) nutinyomouf.de: more exits etc
(117:12 / Allies) nutinyomouf.de: megalolpolis
(117:22 / Allies) nutinyomouf.de: a highway hotel....motel....
(117:24 / Allies) 13linn: lolé
(117:29 / Allies) nutinyomouf.de: more exits
(117:33 / Allies) KingOfTowers: shooting sylink full of resources again
(117:37 / Allies) KingOfTowers: hope you spending this shit sy
(117:46 / Allies) NeedsTowers: i am
(117:50 / Allies) nutinyomouf.de: big exit opening to sylinks mountain house
(117:57 / Allies) nutinyomouf.de: his driveway or some shit
(118:01 / Allies) KingOfTowers: yo sylink
(118:08 / Allies) KingOfTowers: i'm ordering an honor chamber
(118:11 / Allies) KingOfTowers: can you make one fo rme
(118:14 / Allies) NeedsTowers: no
(118:18 / Allies) KingOfTowers: larodar wants to retire
(118:20 / Allies) NeedsTowers: the tower block will suffice
(118:22 / Allies) KingOfTowers: timg can you fill the order (i can pay0
(118:27 / Allies) nutinyomouf.de: another motel for our sleepy drivers
(118:35 / Allies) KingOfTowers: yeah it would, but larodar is a contributing member and wants to go out in style
(118:37 / Allies) nutinyomouf.de: big tim's is currently on a job
(118:41 / Allies) NeedsTowers: well
(118:42 / Allies) nutinyomouf.de: if u would like 2 wait that is np
(118:50 / Allies) NeedsTowers: tim can do it
(118:53 / Allies) nutinyomouf.de: that was ur tour of big tim's highway thx for coming
(118:54 / Allies) KingOfTowers: okay let me know when your gold runs out
(119:05 / Allies) nutinyomouf.de: we have invaders destroying the highway
(119:07 / Allies) 13linn: thx for the tour tim
(119:12 / Allies) KingOfTowers: uh oh, highwaymen
(119:24 / Allies) 13linn: malar and tatsa approach..
(119:43 / Allies) NeedsTowers: tauren lol
(119:47 / All) NeedsTowers: attack the main block dude
(120:14 / Allies) nutinyomouf.de: move
(120:17 / Allies) 13linn: shit
(120:18 / Allies) nutinyomouf.de: need to rebuild
(120:19 / Allies) 13linn: 1.2 fps
(120:31 / Allies) NeedsTowers: ok can this end now
(120:38 / Allies) KingOfTowers: i need an honor chamber
(120:58 / Allies) nutinyomouf.de: zep in
(121:02 / All) Tweedman: gaah
(121:05 / Allies) KingOfTowers: making a hole
(121:06 / All) Tweedman: lagging to much
(121:06 / Allies) KingOfTowers: in the middle
(121:07 / All) Tweedman: GG
(121:10 / All) Tweedman: cya guys
(121:11 / All) nutinyomouf.de: gg noob
(121:11 / All) NeedsTowers: gg
(121:12 / All) nutinyomouf.de: gg
(121:13 / All) KingOfTowers: 5 sec
(121:15 / All) nutinyomouf.de: gg
(121:16 / All) nutinyomouf.de: gg
(121:16 / All) nutinyomouf.de: gg
(121:17 / Allies) nutinyomouf.de: gg
(121:25 / All) Tweedman: ok.. ill w8 a min .
(121:26 / All) NeedsTowers: well played
(121:31 / All) Tweedman: naaah
(121:32 / Allies) NeedsTowers: whjat are we waiting on
(121:36 / All) Tweedman: first time playing witht hoose guys
(121:38 / All) KingOfTowers: need to kill my hero
(121:48 / All) Tweedman: kkk
(121:49 / Allies) KingOfTowers: waiting for kotg to be dropped in honor chamber
(121:53 / Allies) 13linn: tatsa and malar died as they lived- in battle
(122:00 / Allies) nutinyomouf.de: pick up my ladin plz
(122:06 / Allies) KingOfTowers: if i look away i'll never find the honor chamber again
(122:09 / Allies) NeedsTowers: this hurts my brain
(122:17 / Allies) 13linn: never forget
(122:22 / All) Tweedman: DIE DIE DIE
(122:33 / All) Tweedman: hehe :P
(122:41 / All) 13linn: Malar and Tatsa's last stand - they died as they lived.. in battle
(122:41 / Allies) nutinyomouf.de: pretty honorable
(122:45 / All) nutinyomouf.de: check buildings made
(122:47 / All) Tweedman: hhahaha
(122:50 / All) nutinyomouf.de: and mercenaries hired
(122:57 / Allies) 13linn: i wanna check
(122:59 / Allies) 13linn: heroes killed bro
(123:02 / Allies) 13linn: hero - k illa
(123:07 / Allies) KingOfTowers: if you kill a zeppelin over the towerfields with a hero in it
(123:10 / Allies) KingOfTowers: does the hero die
(123:15 / Allies) nutinyomouf.de: yes
(123:16 / Allies) KingOfTowers: checking this
(123:17 / All) Tweedman: cmon guys please fix this
(123:23 / All) NeedsTowers: how can we fix it
(123:24 / All) Tweedman: im lagging like a freakkiiiingngggg hooeee
(123:26 / All) KingOfTowers: yeah we need to test one more thing
(123:33 / All) Tweedman: well finish me out
(123:51 / Allies) NeedsTowers: map is filling up with red like a pool of blood
(123:59 / Allies) KingOfTowers: how do u know
(124:07 / Allies) KingOfTowers: okay larodar gonna die one more time, in the sky this time
(124:16 / Allies) NeedsTowers: where
(124:17 / All) Tweedman: dont u guys have lagg?
(124:18 / Allies) NeedsTowers: is this zeppelin
(124:33 / Allies) KingOfTowers: haha
(124:33 / Allies) KingOfTowers: yeap
(124:40 / Allies) NeedsTowers: hilaridad
(124:40 / Allies) KingOfTowers: that's pretty honor
(124:43 / Allies) NeedsTowers: ok he can go now
(124:46 / Allies) KingOfTowers: takes a massive honor chamber for that to work
(124:51 / All) KingOfTowers: aight bro you can leave
(124:52 / All) KingOfTowers: brohammed
(124:53 / All) NeedsTowers: gg
(124:54 / All) KingOfTowers: broham
(124:55 / All) KingOfTowers: broseph
(125:03 / All) Tweedman: hehe well cya guys
(125:16 / All) NeedsTowers: gg
(125:18 / All) Tweedman: dont lame against other like this, u really are good at that haha :P, well
(125:21 / All) KingOfTowers: walk the highway with your mg
(125:21 / Allies) NeedsTowers: how long can it take to hit quit